Workbook
Name _ftn1: Summary!$A$31
Name _ftn2: Summary!#REF!
Name Busbar_Savings: #REF!
Name Busbar_Savings: #REF!
Name Life_Discount: #REF!
Name Life_Discount: #REF!
Name Life_Finance: #REF!
Name Life_Finance: #REF!
Name PC_Main: 'EE v Mid-C_Flat'!PC_Main
Name PC_Main: 'EE v Mid-C_FYQ3 Flat'!PC_Main
Name PC_Main: 'EE v Mid-C_FYQ4 Flat'!PC_Main
Name PC_Main: 'EE v Mid-C_High'!PC_Main
Name PC_Main: 'EE v Mid-C_HLH'!PC_Main
Name PC_Main: 'EE v Mid-C_LLH'!PC_Main
Name PC_Main: 'EE v Mid-C_Low'!PC_Main
Name PC_Main: Graphs!PC_Main
Name PC_Main: [0]!PC_Main
Name PV_Cap: #REF!
Name PV_Cap: #REF!
Name PV_CapFinanced: #REF!
Name PV_CapFinanced: #REF!
Name Rate_Discount: #REF!
Name Rate_Discount: #REF!
Name Rate_Finance: #REF!
Name Rate_Finance: #REF!

Sheet Summary
A1: The Value of Energy Efficiency Investments
A2: 41453
A4: Objective
A5: The objective of the analysis displayed in the "EE vs. Mid-C" tabs of the accompanying Excel file is to answer the following question: Were BPA’s costs lower as a result of investing in energy efficiency from 2001-2011 rather than purchasing the equivalent amount of energy from the market?
A10: Assumptions
A11: The analysis is based on the following assumptions/inputs: 1. Nominal dollar amounts for annual calculations 2. 6% nominal discount rate 3. 12 year average life of the energy efficiency measures (corresponds to the average measure life from the 6th Power Plan) 4. Energy efficiency investments are capitalized pursuant to BPA's capitalization policy, with a nominal interest rate of 6% (the rate used in the BPA Energy Efficiency Action Plan) 5. Includes only programmatic energy savings (i.e., BPA-funded, utility-funded, market transformation and building codes for FY2001-2004 ) 6. Mid-C wholesale prices are used for 2001-2011 (nominal, Dow Jones) and are varied, such as flat, HLH, LLH, and quarterly, to arrive at different cost savings results 7. The shape of the savings from energy efficiency measures are matched to the chosen Mid-C prices 8. Mid-C wholesale prices for 2012-2022 are assumed to be $20-$30/MWh (nominal, conservatively estimated) 9. No new energy efficiency investments are made after 2011
A24: Conclusions
A31: *The analysis considers only cost savings but not the rate impacts of BPA’s FY 2001 through FY2011 investments in energy efficiency.

Sheet EE v Mid-C_Flat
A1: Energy Efficiency vs. Mid-C Analysis | Y1: 2001-2020 for Investments made through 2011
A2: (Dollar figures are nominal and in millions unless otherwise denoted)
A4: Assumptions
A5: Nominal Interest Rate | B5: 0.06
A6: Nominal Discount Rate | B6: =B5 -> 0.06
A7: Average Measure Life (years)* | B7: 12
A8: Percent of Savings Persistence** | B8: 0
A10: Fiscal Year | C10: 2001 | D10: 2002 | E10: 2003 | F10: 2004 | G10: 2005 | H10: 2006 | I10: 2007 | J10: 2008 | K10: 2009 | L10: 2010 | M10: 2011 | N10: 2012 | O10: 2013 | P10: 2014 | Q10: 2015 | R10: 2016 | S10: 2017 | T10: 2018 | U10: 2019 | V10: 2020 | W10: 2021 | X10: 2022
C11: ($ mil) | D11: ($ mil) | E11: ($ mil) | F11: ($ mil) | G11: ($ mil) | H11: ($ mil) | I11: ($ mil) | J11: ($ mil) | K11: ($ mil) | L11: ($ mil) | M11: ($ mil) | N11: ($ mil) | O11: ($ mil) | P11: ($ mil) | Q11: ($ mil) | R11: ($ mil) | S11: ($ mil) | T11: ($ mil) | U11: ($ mil) | V11: ($ mil) | W11: ($ mil) | X11: ($ mil)
A12: Capital EE Investments
A13: Amount Borrowed and Invested for EE | C13: 27.072 | D13: 0.96 | E13: 25.459 | F13: 15.348277 | G13: 14.922681 | H13: 23.713743 | I13: 3.1647565 | J13: 8.2188602 | K13: 19.182273 | L13: 55.311286 | M13: 161.75412 | N13: 0 | O13: 0 | P13: 0 | Q13: 0 | R13: 0 | S13: 0 | T13: 0 | U13: 0 | V13: 0 | W13: 0 | X13: 0 | Y13: =SUM(C13:X13) -> 355.10699 | Z13: Total Capital Cost of EE 2001 - 2011
A15: Amortization Payment (calculated using PMT function, based on amortization periods below) | B15: FY
A16: 20 | B16: 2001 | C16: =PMT($B$5,$A$16,-C13) -> 2.3602603 | D16: =C16 -> 2.3602603 | E16: =D16 -> 2.3602603 | F16: =E16 -> 2.3602603 | G16: =F16 -> 2.3602603 | H16: =G16 -> 2.3602603 | I16: =H16 -> 2.3602603 | J16: =I16 -> 2.3602603 | K16: =J16 -> 2.3602603 | ... V16: =U16 -> 2.3602603
A17: 10 | B17: 2002 | D17: =PMT($B$5,$A$17,-D13) -> 0.13043324 | E17: =D17 -> 0.13043324 | F17: =E17 -> 0.13043324 | G17: =F17 -> 0.13043324 | H17: =G17 -> 0.13043324 | I17: =H17 -> 0.13043324 | J17: =I17 -> 0.13043324 | K17: =J17 -> 0.13043324 | L17: =K17 -> 0.13043324 | M17: =L17 -> 0.13043324
A18: 9 | B18: 2003 | E18: =PMT($B$5,$A$18,-E13) -> 3.7430391 | F18: =E18 -> 3.7430391 | G18: =F18 -> 3.7430391 | H18: =G18 -> 3.7430391 | I18: =H18 -> 3.7430391 | J18: =I18 -> 3.7430391 | K18: =J18 -> 3.7430391 | L18: =K18 -> 3.7430391 | M18: =L18 -> 3.7430391
A19: 8 | B19: 2004 | F19: =PMT($B$5,$A$19,-F13) -> 2.4716242 | G19: =F19 -> 2.4716242 | H19: =G19 -> 2.4716242 | I19: =H19 -> 2.4716242 | J19: =I19 -> 2.4716242 | K19: =J19 -> 2.4716242 | L19: =K19 -> 2.4716242 | M19: =L19 -> 2.4716242
A20: 7 | B20: 2005 | G20: =PMT($B$5,$A$20,-G13) -> 2.6731748 | H20: =G20 -> 2.6731748 | I20: =H20 -> 2.6731748 | J20: =I20 -> 2.6731748 | K20: =J20 -> 2.6731748 | L20: =K20 -> 2.6731748 | M20: =L20 -> 2.6731748
A21: 6 | B21: 2006 | H21: =PMT($B$5,$A$21,-H13) -> 4.8224892 | I21: =H21 -> 4.8224892 | J21: =I21 -> 4.8224892 | K21: =J21 -> 4.8224892 | L21: =K21 -> 4.8224892 | M21: =L21 -> 4.8224892
A22: 5 | B22: 2007 | I22: =PMT($B$5,$A$22,-I13) -> 0.7513018 | J22: =I22 -> 0.7513018 | K22: =J22 -> 0.7513018 | L22: =K22 -> 0.7513018 | M22: =L22 -> 0.7513018
A23: 5 | B23: 2008 | J23: =PMT($B$5,$A$23,-J13) -> 1.9511278 | K23: =J23 -> 1.9511278 | L23: =K23 -> 1.9511278 | M23: =L23 -> 1.9511278 | N23: =M23 -> 1.9511278
A24: 5 | B24: 2009 | K24: =PMT($B$5,$A$24,-K13) -> 4.5538026 | L24: =K24 -> 4.5538026 | M24: =L24 -> 4.5538026 | N24: =M24 -> 4.5538026 | O24: =N24 -> 4.5538026
A25: 5 | B25: 2010 | L25: =PMT($B$5,$A$25,-L13) -> 13.1307 | M25: =L25 -> 13.1307 | N25: =M25 -> 13.1307 | O25: =N25 -> 13.1307 | P25: =O25 -> 13.1307
A26: 12 | B26: 2011 | M26: =PMT($B$5,$A$26,-M13) -> 19.29355 | N26: =M26 -> 19.29355 | O26: =N26 -> 19.29355 | P26: =O26 -> 19.29355 | Q26: =P26 -> 19.29355 | R26: =Q26 -> 19.29355 | S26: =R26 -> 19.29355 | T26: =S26 -> 19.29355 | U26: =T26 -> 19.29355 | ... X26: =W26 -> 19.29355
A27: EE Expenses
A28: Program Costs*** | C28: 13.051706 | D28: 48.242542 | E28: 55.546178 | F28: 50.851063 | G28: 47.193856 | H28: 52.841545 | I28: 50.905689 | J28: 44.130431 | K28: 45.20827 | L28: 52.663146 | M28: 53.74948
A29: Staff Costs | C29: 10.080307 | D29: 9.0374359 | E29: 6.2920587 | F29: 7.0045975 | G29: 7.1294753 | H29: 7.393775 | I29: 7.0169919 | J29: 8.2158451 | K29: 10.55793 | L29: 8.8698208 | M29: 9.9426776
A30: Total Expenses | C30: =SUM(C28:C29) -> 23.132013 | D30: =SUM(D28:D29) -> 57.279978 | E30: =SUM(E28:E29) -> 61.838236 | F30: =SUM(F28:F29) -> 57.855661 | G30: =SUM(G28:G29) -> 54.323332 | H30: =SUM(H28:H29) -> 60.23532 | I30: =SUM(I28:I29) -> 57.922681 | J30: =SUM(J28:J29) -> 52.346276 | ... M30: =SUM(M28:M29) -> 63.692158 | Y30: =SUM(C30:X30) -> 605.92482 | Z30: Total Expensed cost of EE 2001-2011 including Program/Staff costs
A32: EE Capital Costs
A33: Yearly Principal and Interest Paid on EE Borrowings since 2001**** | C33: =SUM(C16:C26) -> 2.3602603 | D33: =SUM(D16:D26) -> 2.4906936 | E33: =SUM(E16:E26) -> 6.2337326 | F33: =SUM(F16:F26) -> 8.7053568 | G33: =SUM(G16:G26) -> 11.378532 | H33: =SUM(H16:H26) -> 16.201021 | I33: =SUM(I16:I26) -> 16.952323 | J33: =SUM(J16:J26) -> 18.90345 | ... X33: =SUM(X16:X26) -> 19.29355 | Y33: =SUM(C33:X33) -> 483.07431 | Z33: Total Capital & Interest cost for investments in EE 2001-2022 (includes amortization of all investments 2001 - 2011)
A34: Annual Cost of EE Program | C34: =C30+C33 -> 25.492273 | D34: =D30+D33 -> 59.770671 | E34: =E30+E33 -> 68.071969 | F34: =F30+F33 -> 66.561018 | G34: =G30+G33 -> 65.701863 | H34: =H30+H33 -> 76.436341 | I34: =I30+I33 -> 74.875003 | J34: =J30+J33 -> 71.249726 | ... X34: =X30+X33 -> 19.29355
A35: BPA Booked Programmatic Savings (aMW) | C35: 28.8 | D35: 66 | E35: 61.1 | F35: 46.6 | G35: 40.7 | H35: 50.2 | I35: 54.1 | J35: 66.2 | K35: 61.1 | L35: 90.4 | M35: 117 | N35: 0 | O35: 0 | P35: 0 | Q35: 0 | R35: 0 | S35: 0 | T35: 0 | U35: 0 | V35: 0 | W35: 0 | X35: 0
A37: Annual Savings Per FY from EE | C37: =$C$35 -> 28.8 | D37: =$C$35 -> 28.8 | E37: =$C$35 -> 28.8 | F37: =$C$35 -> 28.8 | G37: =$C$35 -> 28.8 | H37: =$C$35 -> 28.8 | I37: =$C$35 -> 28.8 | J37: =$C$35 -> 28.8 | ... N37: =$C$35 -> 28.8 | O37: =$N$37*$B$8 -> 0 | P37: =$N$37*$B$8 -> 0 | Q37: =$N$37*$B$8 -> 0 | R37: =$N$37*$B$8 -> 0 | S37: =$N$37*$B$8 -> 0 | T37: =$N$37*$B$8 -> 0 | U37: =$N$37*$B$8 -> 0 | V37: =$N$37*$B$8 -> 0 | ... X37: =$N$37*$B$8 -> 0
A38: (assuming 12 year average measure life and persistence percentage) | D38: =$D$35 -> 66 | E38: =$D$35 -> 66 | F38: =$D$35 -> 66 | G38: =$D$35 -> 66 | H38: =$D$35 -> 66 | I38: =$D$35 -> 66 | J38: =$D$35 -> 66 | K38: =$D$35 -> 66 | ... O38: =$D$35 -> 66 | P38: =$O$38*$B$8 -> 0 | Q38: =$O$38*$B$8 -> 0 | R38: =$O$38*$B$8 -> 0 | S38: =$O$38*$B$8 -> 0 | T38: =$O$38*$B$8 -> 0 | U38: =$O$38*$B$8 -> 0 | V38: =$O$38*$B$8 -> 0 | W38: =$O$38*$B$8 -> 0 | X38: =$O$38*$B$8 -> 0
E39: =$E$35 -> 61.1 | F39: =$E$35 -> 61.1 | G39: =$E$35 -> 61.1 | H39: =$E$35 -> 61.1 | I39: =$E$35 -> 61.1 | J39: =$E$35 -> 61.1 | K39: =$E$35 -> 61.1 | L39: =$E$35 -> 61.1 | ... P39: =$E$35 -> 61.1 | Q39: =$P$39*$B$8 -> 0 | R39: =$P$39*$B$8 -> 0 | S39: =$P$39*$B$8 -> 0 | T39: =$P$39*$B$8 -> 0 | U39: =$P$39*$B$8 -> 0 | V39: =$P$39*$B$8 -> 0 | W39: =$P$39*$B$8 -> 0 | X39: =$P$39*$B$8 -> 0
F40: =$F$35 -> 46.6 | G40: =$F$35 -> 46.6 | H40: =$F$35 -> 46.6 | I40: =$F$35 -> 46.6 | J40: =$F$35 -> 46.6 | K40: =$F$35 -> 46.6 | L40: =$F$35 -> 46.6 | M40: =$F$35 -> 46.6 | ... Q40: =$F$35 -> 46.6 | R40: =$Q$40*$B$8 -> 0 | S40: =$Q$40*$B$8 -> 0 | T40: =$Q$40*$B$8 -> 0 | U40: =$Q$40*$B$8 -> 0 | V40: =$Q$40*$B$8 -> 0 | W40: =$Q$40*$B$8 -> 0 | X40: =$Q$40*$B$8 -> 0
G41: =$G$35 -> 40.7 | H41: =$G$35 -> 40.7 | I41: =$G$35 -> 40.7 | J41: =$G$35 -> 40.7 | K41: =$G$35 -> 40.7 | L41: =$G$35 -> 40.7 | M41: =$G$35 -> 40.7 | N41: =$G$35 -> 40.7 | ... R41: =$G$35 -> 40.7 | S41: =$R$41*$B$8 -> 0 | T41: =$R$41*$B$8 -> 0 | U41: =$R$41*$B$8 -> 0 | V41: =$R$41*$B$8 -> 0 | W41: =$R$41*$B$8 -> 0 | X41: =$R$41*$B$8 -> 0
H42: =$H$35 -> 50.2 | I42: =$H$35 -> 50.2 | J42: =$H$35 -> 50.2 | K42: =$H$35 -> 50.2 | L42: =$H$35 -> 50.2 | M42: =$H$35 -> 50.2 | N42: =$H$35 -> 50.2 | O42: =$H$35 -> 50.2 | ... S42: =$H$35 -> 50.2 | T42: =$S$42*$B$8 -> 0 | U42: =$S$42*$B$8 -> 0 | V42: =$S$42*$B$8 -> 0 | W42: =$S$42*$B$8 -> 0 | X42: =$S$42*$B$8 -> 0
I43: =$I$35 -> 54.1 | J43: =$I$35 -> 54.1 | K43: =$I$35 -> 54.1 | L43: =$I$35 -> 54.1 | M43: =$I$35 -> 54.1 | N43: =$I$35 -> 54.1 | O43: =$I$35 -> 54.1 | P43: =$I$35 -> 54.1 | ... T43: =$I$35 -> 54.1 | U43: =$T$43*$B$8 -> 0 | V43: =$T$43*$B$8 -> 0 | W43: =$T$43*$B$8 -> 0 | X43: =$T$43*$B$8 -> 0
J44: =$J$35 -> 66.2 | K44: =$J$35 -> 66.2 | L44: =$J$35 -> 66.2 | M44: =$J$35 -> 66.2 | N44: =$J$35 -> 66.2 | O44: =$J$35 -> 66.2 | P44: =$J$35 -> 66.2 | Q44: =$J$35 -> 66.2 | ... U44: =$J$35 -> 66.2 | V44: =$U$44*$B$8 -> 0 | W44: =$U$44*$B$8 -> 0 | X44: =$U$44*$B$8 -> 0
K45: =$K$35 -> 61.1 | L45: =$K$35 -> 61.1 | M45: =$K$35 -> 61.1 | N45: =$K$35 -> 61.1 | O45: =$K$35 -> 61.1 | P45: =$K$35 -> 61.1 | Q45: =$K$35 -> 61.1 | R45: =$K$35 -> 61.1 | ... V45: =$K$35 -> 61.1 | W45: =$V$45*$B$8 -> 0 | X45: =$V$45*$B$8 -> 0
L46: =$L$35 -> 90.4 | M46: =$L$35 -> 90.4 | N46: =$L$35 -> 90.4 | O46: =$L$35 -> 90.4 | P46: =$L$35 -> 90.4 | Q46: =$L$35 -> 90.4 | R46: =$L$35 -> 90.4 | S46: =$L$35 -> 90.4 | ... W46: =$L$35 -> 90.4 | X46: =$W$46*$B$8 -> 0
M47: =$M$35 -> 117 | N47: =$M$35 -> 117 | O47: =$M$35 -> 117 | P47: =$M$35 -> 117 | Q47: =$M$35 -> 117 | R47: =$M$35 -> 117 | S47: =$M$35 -> 117 | T47: =$M$35 -> 117 | ... X47: =$M$35 -> 117
A49: Cumulative Energy Savings from EE (aMW per year) | C49: =SUM(C37:C47) -> 28.8 | D49: =SUM(D37:D47) -> 94.8 | E49: =SUM(E37:E47) -> 155.9 | F49: =SUM(F37:F47) -> 202.5 | G49: =SUM(G37:G47) -> 243.2 | H49: =SUM(H37:H47) -> 293.4 | I49: =SUM(I37:I47) -> 347.5 | J49: =SUM(J37:J47) -> 413.7 | ... X49: =SUM(X37:X47) -> 117
A50: (assuming 12 year average measure life)
A52: Cumulative Energy Savings from EE (MWh per year) | C52: =C49*8760 -> 252288 | D52: =D49*8760 -> 830448 | E52: =E49*8760 -> 1365684 | F52: =F49*8784 -> 1778760 | G52: =G49*8760 -> 2130432 | H52: =H49*8760 -> 2570184 | I52: =I49*8760 -> 3044100 | J52: =J49*8784 -> 3633940.8 | K52: =K49*8760 -> 4159248 | L52: =L49*8760 -> 4951152 | M52: =M49*8760 -> 5976072 | N52: =N49*8784 -> 5992444.8 | O52: =O49*8760 -> 5723784 | P52: =P49*8760 -> 5145624 | Q52: =Q49*8760 -> 4610388 | R52: =R49*8784 -> 4213684.8 | S52: =S49*8760 -> 3845640 | T52: =T49*8760 -> 3405888 | U52: =U49*8760 -> 2931972 | V52: =V49*8784 -> 2358504 | W52: =W49*8760 -> 1816824 | X52: =X49*8760 -> 1024920 | Y52: =SUM(C52:X52) -> 71761982 | Z52: Lifetime MWH of savings for measures installed 2001-2011
A53: (assuming 12 year average measure life)
A55: FY Average Mid-C Wholesale Price ($/MWH)
A56: (Dow Jones annual average) | C56: 189.1 | D56: 20.3 | E56: 36.9 | F56: 40 | G56: 48.9 | H56: 53.1 | I56: 49.9 | J56: 61.4 | K56: 34.9 | L56: 35.3 | M56: 24.5 | N56: 20 | O56: 25 | P56: 28 | Q56: 29 | R56: 30 | S56: 30 | T56: 30 | U56: 30 | V56: 30 | W56: 30 | X56: 30 | Z56: Assumed price of Mid-C for 2012-2022
A58: Annual Benefit (or Loss) from EE Investments
A59: Value of Energy Saved***** | C59: =(C52*C56)/1000000 -> 47.707661 | D59: =(D52*D56)/1000000 -> 16.858094 | E59: =(E52*E56)/1000000 -> 50.39374 | F59: =(F52*F56)/1000000 -> 71.1504 | G59: =(G52*G56)/1000000 -> 104.17812 | H59: =(H52*H56)/1000000 -> 136.47677 | I59: =(I52*I56)/1000000 -> 151.90059 | J59: =(J52*J56)/1000000 -> 223.12397 | ... X59: =(X52*X56)/1000000 -> 30.7476 | Y59: =SUM(C59:X59) -> 2396.7817 | Z59: Lifetime Revenue from selling power available from "EE savings" into the market at Mid-C prices
A60: Less: Annual Cost of EE Program | C60: =-C34 -> -25.492273 | D60: =-D34 -> -59.770671 | E60: =-E34 -> -68.071969 | F60: =-F34 -> -66.561018 | G60: =-G34 -> -65.701863 | H60: =-H34 -> -76.436341 | I60: =-I34 -> -74.875003 | J60: =-J34 -> -71.249726 | ... X60: =-X34 -> -19.29355 | Y60: =SUM(C60:X60) -> -1088.9991 | Z60: Total Capital, Interest & Expensed cost of EE 2001-2022 for investments made 2001 - 2011
A62: Impact on Net Revenue Due to EE Program (Nominal $ mil) | C62: =C59+C60 -> 22.215388 | D62: =D59+D60 -> -42.912577 | E62: =E59+E60 -> -17.678229 | F62: =F59+F60 -> 4.5893822 | G62: =G59+G60 -> 38.476262 | H62: =H59+H60 -> 60.04043 | I62: =I59+I60 -> 77.025587 | J62: =J59+J60 -> 151.87424 | ... X62: =X59+X60 -> 11.45405 | Y62: =SUM(C62:X62) -> 1307.7826 | Z62: Lifetime Net Benefit (Cost) of EE Investments if savings permitted BPA to sell equivalent power at Mid-C prices
A64: Discount Factor | C64: =1/(1+$B$6)^(C10-$M$10) -> 1.7908477 | D64: =1/(1+$B$6)^(D10-$M$10) -> 1.689479 | E64: =1/(1+$B$6)^(E10-$M$10) -> 1.5938481 | F64: =1/(1+$B$6)^(F10-$M$10) -> 1.5036303 | G64: =1/(1+$B$6)^(G10-$M$10) -> 1.4185191 | H64: =1/(1+$B$6)^(H10-$M$10) -> 1.3382256 | I64: =1/(1+$B$6)^(I10-$M$10) -> 1.262477 | J64: =1/(1+$B$6)^(J10-$M$10) -> 1.191016 | ... X64: =1/(1+$B$6)^(X10-$M$10) -> 0.52678753
A66: Present Value Impact on Net Revenue Due to EE Program ($ mil in year 2011) | C66: =C62*C64 -> 39.784376 | D66: =D62*D64 -> -72.499896 | E66: =E62*E64 -> -28.176412 | F66: =F62*F64 -> 6.900734 | G66: =G62*G64 -> 54.579312 | H66: =H62*H64 -> 80.347639 | I66: =I62*I64 -> 97.243028 | J66: =J62*J64 -> 180.88465 | ... X66: =X62*X64 -> 6.0338505
A68: Net Present Value Total Impact on Net Revenue Due to EE Program ($ mil in year 2011) | C68: =SUM(C66:X66) -> 1182.4709
A71: Yearly Cost of EE Savings ($/MWh) | C71: =(C34*1000000)/C52 -> 101.04433 | D71: =(D34*1000000)/D52 -> 71.974009 | E71: =(E34*1000000)/E52 -> 49.844597 | F71: =(F34*1000000)/F52 -> 37.419898 | G71: =(G34*1000000)/G52 -> 30.83969 | H71: =(H34*1000000)/H52 -> 29.739638 | I71: =(I34*1000000)/I52 -> 24.596762 | J71: =(J34*1000000)/J52 -> 19.606738 | ... X71: =(X34*1000000)/X52 -> 18.824445
A75: Notes:
A76: * If the B6 is changed to reflect a different average measure life, rows 15 and 51 would need to be manually adjusted.
A77: ** For many measures, the savings “persist” as end-users likely reinstall the measure with something as efficient or better. Assuming zero percent persistence translates into savings “expiring” after 12 years. On the other hand, assuming 100 percent persistence translates into savings persisting till the end of the analysis period, i.e., 2022. See note in Companion document for more information on persistence.
A78: *** Expensed "Program Costs" includes net Federal Reimbursables, but does not include Debt Service and Legacy costs.
A79: **** For example, the $6.4 million in 2003 represents the principal and interest paid for all debt incurred from 2001 through 2003.
A80: ***** Calculated as 1) Revenue from Selling EE Savings @ Mid-C Market or 2) Avoided Cost of Purchasing EE Savings @ Mid-C

Sheet EE v Mid-C_HLH
A1: Energy Efficiency vs. Mid-C Analysis | Y1: 2001-2020 for Investments made through 2011
A2: (Dollar figures are nominal and in millions unless otherwise denoted)
A4: Assumptions
A5: Nominal Interest Rate | B5: 0.06
A6: Nominal Discount Rate | B6: =B5 -> 0.06
A7: Average Measure Life (years)* | B7: 12
A8: Percent of Savings Persistence** | B8: 0
A10: Fiscal Year | C10: 2001 | D10: 2002 | E10: 2003 | F10: 2004 | G10: 2005 | H10: 2006 | I10: 2007 | J10: 2008 | K10: 2009 | L10: 2010 | M10: 2011 | N10: 2012 | O10: 2013 | P10: 2014 | Q10: 2015 | R10: 2016 | S10: 2017 | T10: 2018 | U10: 2019 | V10: 2020 | W10: 2021 | X10: 2022
C11: ($ mil) | D11: ($ mil) | E11: ($ mil) | F11: ($ mil) | G11: ($ mil) | H11: ($ mil) | I11: ($ mil) | J11: ($ mil) | K11: ($ mil) | L11: ($ mil) | M11: ($ mil) | N11: ($ mil) | O11: ($ mil) | P11: ($ mil) | Q11: ($ mil) | R11: ($ mil) | S11: ($ mil) | T11: ($ mil) | U11: ($ mil) | V11: ($ mil) | W11: ($ mil) | X11: ($ mil)
A12: Capital EE Investments
A13: Amount Borrowed and Invested for EE | C13: 27.072 | D13: 0.96 | E13: 25.459 | F13: 15.348277 | G13: 14.922681 | H13: 23.713743 | I13: 3.1647565 | J13: 8.2188602 | K13: 19.182273 | L13: 55.311286 | M13: 161.75412 | N13: 0 | O13: 0 | P13: 0 | Q13: 0 | R13: 0 | S13: 0 | T13: 0 | U13: 0 | V13: 0 | W13: 0 | X13: 0 | Y13: =SUM(C13:X13) -> 355.10699 | Z13: Total Capital Cost of EE 2001 - 2011
A15: Amortization Payment (calculated using PMT function, based on amortization periods below) | B15: FY
A16: 20 | B16: 2001 | C16: =PMT($B$5,$A$16,-C13) -> 2.3602603 | D16: =C16 -> 2.3602603 | E16: =D16 -> 2.3602603 | F16: =E16 -> 2.3602603 | G16: =F16 -> 2.3602603 | H16: =G16 -> 2.3602603 | I16: =H16 -> 2.3602603 | J16: =I16 -> 2.3602603 | K16: =J16 -> 2.3602603 | ... V16: =U16 -> 2.3602603
A17: 10 | B17: 2002 | D17: =PMT($B$5,$A$17,-D13) -> 0.13043324 | E17: =D17 -> 0.13043324 | F17: =E17 -> 0.13043324 | G17: =F17 -> 0.13043324 | H17: =G17 -> 0.13043324 | I17: =H17 -> 0.13043324 | J17: =I17 -> 0.13043324 | K17: =J17 -> 0.13043324 | L17: =K17 -> 0.13043324 | M17: =L17 -> 0.13043324
A18: 9 | B18: 2003 | E18: =PMT($B$5,$A$18,-E13) -> 3.7430391 | F18: =E18 -> 3.7430391 | G18: =F18 -> 3.7430391 | H18: =G18 -> 3.7430391 | I18: =H18 -> 3.7430391 | J18: =I18 -> 3.7430391 | K18: =J18 -> 3.7430391 | L18: =K18 -> 3.7430391 | M18: =L18 -> 3.7430391
A19: 8 | B19: 2004 | F19: =PMT($B$5,$A$19,-F13) -> 2.4716242 | G19: =F19 -> 2.4716242 | H19: =G19 -> 2.4716242 | I19: =H19 -> 2.4716242 | J19: =I19 -> 2.4716242 | K19: =J19 -> 2.4716242 | L19: =K19 -> 2.4716242 | M19: =L19 -> 2.4716242
A20: 7 | B20: 2005 | G20: =PMT($B$5,$A$20,-G13) -> 2.6731748 | H20: =G20 -> 2.6731748 | I20: =H20 -> 2.6731748 | J20: =I20 -> 2.6731748 | K20: =J20 -> 2.6731748 | L20: =K20 -> 2.6731748 | M20: =L20 -> 2.6731748
A21: 6 | B21: 2006 | H21: =PMT($B$5,$A$21,-H13) -> 4.8224892 | I21: =H21 -> 4.8224892 | J21: =I21 -> 4.8224892 | K21: =J21 -> 4.8224892 | L21: =K21 -> 4.8224892 | M21: =L21 -> 4.8224892
A22: 5 | B22: 2007 | I22: =PMT($B$5,$A$22,-I13) -> 0.7513018 | J22: =I22 -> 0.7513018 | K22: =J22 -> 0.7513018 | L22: =K22 -> 0.7513018 | M22: =L22 -> 0.7513018
A23: 5 | B23: 2008 | J23: =PMT($B$5,$A$23,-J13) -> 1.9511278 | K23: =J23 -> 1.9511278 | L23: =K23 -> 1.9511278 | M23: =L23 -> 1.9511278 | N23: =M23 -> 1.9511278
A24: 5 | B24: 2009 | K24: =PMT($B$5,$A$24,-K13) -> 4.5538026 | L24: =K24 -> 4.5538026 | M24: =L24 -> 4.5538026 | N24: =M24 -> 4.5538026 | O24: =N24 -> 4.5538026
A25: 5 | B25: 2010 | L25: =PMT($B$5,$A$25,-L13) -> 13.1307 | M25: =L25 -> 13.1307 | N25: =M25 -> 13.1307 | O25: =N25 -> 13.1307 | P25: =O25 -> 13.1307
A26: 12 | B26: 2011 | M26: =PMT($B$5,$A$26,-M13) -> 19.29355 | N26: =M26 -> 19.29355 | O26: =N26 -> 19.29355 | P26: =O26 -> 19.29355 | Q26: =P26 -> 19.29355 | R26: =Q26 -> 19.29355 | S26: =R26 -> 19.29355 | T26: =S26 -> 19.29355 | U26: =T26 -> 19.29355 | ... X26: =W26 -> 19.29355
A27: EE Expenses
A28: Program Costs*** | C28: 13.051706 | D28: 48.242542 | E28: 55.546178 | F28: 50.851063 | G28: 47.193856 | H28: 52.841545 | I28: 50.905689 | J28: 44.130431 | K28: 45.20827 | L28: 52.663146 | M28: 53.74948
A29: Staff Costs | C29: 10.080307 | D29: 9.0374359 | E29: 6.2920587 | F29: 7.0045975 | G29: 7.1294753 | H29: 7.393775 | I29: 7.0169919 | J29: 8.2158451 | K29: 10.55793 | L29: 8.8698208 | M29: 9.9426776
A30: Total Expenses | C30: =SUM(C28:C29) -> 23.132013 | D30: =SUM(D28:D29) -> 57.279978 | E30: =SUM(E28:E29) -> 61.838236 | F30: =SUM(F28:F29) -> 57.855661 | G30: =SUM(G28:G29) -> 54.323332 | H30: =SUM(H28:H29) -> 60.23532 | I30: =SUM(I28:I29) -> 57.922681 | J30: =SUM(J28:J29) -> 52.346276 | ... M30: =SUM(M28:M29) -> 63.692158 | Y30: =SUM(C30:X30) -> 605.92482 | Z30: Total Expensed cost of EE 2001-2011 including Program/Staff costs
A32: EE Capital Costs
A33: Yearly Principal and Interest Paid on EE Borrowings since 2001**** | C33: =SUM(C16:C26) -> 2.3602603 | D33: =SUM(D16:D26) -> 2.4906936 | E33: =SUM(E16:E26) -> 6.2337326 | F33: =SUM(F16:F26) -> 8.7053568 | G33: =SUM(G16:G26) -> 11.378532 | H33: =SUM(H16:H26) -> 16.201021 | I33: =SUM(I16:I26) -> 16.952323 | J33: =SUM(J16:J26) -> 18.90345 | ... X33: =SUM(X16:X26) -> 19.29355 | Y33: =SUM(C33:X33) -> 483.07431 | Z33: Total Capital & Interest cost for investments in EE 2001-2022 (includes amortization of all investments 2001 - 2011)
A34: Annual Cost of EE Program | C34: =C30+C33 -> 25.492273 | D34: =D30+D33 -> 59.770671 | E34: =E30+E33 -> 68.071969 | F34: =F30+F33 -> 66.561018 | G34: =G30+G33 -> 65.701863 | H34: =H30+H33 -> 76.436341 | I34: =I30+I33 -> 74.875003 | J34: =J30+J33 -> 71.249726 | ... X34: =X30+X33 -> 19.29355
A35: BPA Booked Programmatic Savings (aMW) | C35: 28.8 | D35: 66 | E35: 61.1 | F35: 46.6 | G35: 40.7 | H35: 50.2 | I35: 54.1 | J35: 66.2 | K35: 61.1 | L35: 90.4 | M35: 117 | N35: 0 | O35: 0 | P35: 0 | Q35: 0 | R35: 0 | S35: 0 | T35: 0 | U35: 0 | V35: 0 | W35: 0 | X35: 0
A37: Annual Savings Per FY from EE | C37: =$C$35 -> 28.8 | D37: =$C$35 -> 28.8 | E37: =$C$35 -> 28.8 | F37: =$C$35 -> 28.8 | G37: =$C$35 -> 28.8 | H37: =$C$35 -> 28.8 | I37: =$C$35 -> 28.8 | J37: =$C$35 -> 28.8 | ... N37: =$C$35 -> 28.8 | O37: =$N$37*$B$8 -> 0 | P37: =$N$37*$B$8 -> 0 | Q37: =$N$37*$B$8 -> 0 | R37: =$N$37*$B$8 -> 0 | S37: =$N$37*$B$8 -> 0 | T37: =$N$37*$B$8 -> 0 | U37: =$N$37*$B$8 -> 0 | V37: =$N$37*$B$8 -> 0 | ... X37: =$N$37*$B$8 -> 0
A38: (assuming 12 year average measure life and persistence percentage) | D38: =$D$35 -> 66 | E38: =$D$35 -> 66 | F38: =$D$35 -> 66 | G38: =$D$35 -> 66 | H38: =$D$35 -> 66 | I38: =$D$35 -> 66 | J38: =$D$35 -> 66 | K38: =$D$35 -> 66 | ... O38: =$D$35 -> 66 | P38: =$O$38*$B$8 -> 0 | Q38: =$O$38*$B$8 -> 0 | R38: =$O$38*$B$8 -> 0 | S38: =$O$38*$B$8 -> 0 | T38: =$O$38*$B$8 -> 0 | U38: =$O$38*$B$8 -> 0 | V38: =$O$38*$B$8 -> 0 | W38: =$O$38*$B$8 -> 0 | X38: =$O$38*$B$8 -> 0
E39: =$E$35 -> 61.1 | F39: =$E$35 -> 61.1 | G39: =$E$35 -> 61.1 | H39: =$E$35 -> 61.1 | I39: =$E$35 -> 61.1 | J39: =$E$35 -> 61.1 | K39: =$E$35 -> 61.1 | L39: =$E$35 -> 61.1 | ... P39: =$E$35 -> 61.1 | Q39: =$P$39*$B$8 -> 0 | R39: =$P$39*$B$8 -> 0 | S39: =$P$39*$B$8 -> 0 | T39: =$P$39*$B$8 -> 0 | U39: =$P$39*$B$8 -> 0 | V39: =$P$39*$B$8 -> 0 | W39: =$P$39*$B$8 -> 0 | X39: =$P$39*$B$8 -> 0
F40: =$F$35 -> 46.6 | G40: =$F$35 -> 46.6 | H40: =$F$35 -> 46.6 | I40: =$F$35 -> 46.6 | J40: =$F$35 -> 46.6 | K40: =$F$35 -> 46.6 | L40: =$F$35 -> 46.6 | M40: =$F$35 -> 46.6 | ... Q40: =$F$35 -> 46.6 | R40: =$Q$40*$B$8 -> 0 | S40: =$Q$40*$B$8 -> 0 | T40: =$Q$40*$B$8 -> 0 | U40: =$Q$40*$B$8 -> 0 | V40: =$Q$40*$B$8 -> 0 | W40: =$Q$40*$B$8 -> 0 | X40: =$Q$40*$B$8 -> 0
G41: =$G$35 -> 40.7 | H41: =$G$35 -> 40.7 | I41: =$G$35 -> 40.7 | J41: =$G$35 -> 40.7 | K41: =$G$35 -> 40.7 | L41: =$G$35 -> 40.7 | M41: =$G$35 -> 40.7 | N41: =$G$35 -> 40.7 | ... R41: =$G$35 -> 40.7 | S41: =$R$41*$B$8 -> 0 | T41: =$R$41*$B$8 -> 0 | U41: =$R$41*$B$8 -> 0 | V41: =$R$41*$B$8 -> 0 | W41: =$R$41*$B$8 -> 0 | X41: =$R$41*$B$8 -> 0
H42: =$H$35 -> 50.2 | I42: =$H$35 -> 50.2 | J42: =$H$35 -> 50.2 | K42: =$H$35 -> 50.2 | L42: =$H$35 -> 50.2 | M42: =$H$35 -> 50.2 | N42: =$H$35 -> 50.2 | O42: =$H$35 -> 50.2 | ... S42: =$H$35 -> 50.2 | T42: =$S$42*$B$8 -> 0 | U42: =$S$42*$B$8 -> 0 | V42: =$S$42*$B$8 -> 0 | W42: =$S$42*$B$8 -> 0 | X42: =$S$42*$B$8 -> 0
I43: =$I$35 -> 54.1 | J43: =$I$35 -> 54.1 | K43: =$I$35 -> 54.1 | L43: =$I$35 -> 54.1 | M43: =$I$35 -> 54.1 | N43: =$I$35 -> 54.1 | O43: =$I$35 -> 54.1 | P43: =$I$35 -> 54.1 | ... T43: =$I$35 -> 54.1 | U43: =$T$43*$B$8 -> 0 | V43: =$T$43*$B$8 -> 0 | W43: =$T$43*$B$8 -> 0 | X43: =$T$43*$B$8 -> 0
J44: =$J$35 -> 66.2 | K44: =$J$35 -> 66.2 | L44: =$J$35 -> 66.2 | M44: =$J$35 -> 66.2 | N44: =$J$35 -> 66.2 | O44: =$J$35 -> 66.2 | P44: =$J$35 -> 66.2 | Q44: =$J$35 -> 66.2 | ... U44: =$J$35 -> 66.2 | V44: =$U$44*$B$8 -> 0 | W44: =$U$44*$B$8 -> 0 | X44: =$U$44*$B$8 -> 0
K45: =$K$35 -> 61.1 | L45: =$K$35 -> 61.1 | M45: =$K$35 -> 61.1 | N45: =$K$35 -> 61.1 | O45: =$K$35 -> 61.1 | P45: =$K$35 -> 61.1 | Q45: =$K$35 -> 61.1 | R45: =$K$35 -> 61.1 | ... V45: =$K$35 -> 61.1 | W45: =$V$45*$B$8 -> 0 | X45: =$V$45*$B$8 -> 0
L46: =$L$35 -> 90.4 | M46: =$L$35 -> 90.4 | N46: =$L$35 -> 90.4 | O46: =$L$35 -> 90.4 | P46: =$L$35 -> 90.4 | Q46: =$L$35 -> 90.4 | R46: =$L$35 -> 90.4 | S46: =$L$35 -> 90.4 | ... W46: =$L$35 -> 90.4 | X46: =$W$46*$B$8 -> 0
M47: =$M$35 -> 117 | N47: =$M$35 -> 117 | O47: =$M$35 -> 117 | P47: =$M$35 -> 117 | Q47: =$M$35 -> 117 | R47: =$M$35 -> 117 | S47: =$M$35 -> 117 | T47: =$M$35 -> 117 | ... X47: =$M$35 -> 117
A49: Cumulative Energy Savings from EE (aMW per year) | C49: =SUM(C37:C47) -> 28.8 | D49: =SUM(D37:D47) -> 94.8 | E49: =SUM(E37:E47) -> 155.9 | F49: =SUM(F37:F47) -> 202.5 | G49: =SUM(G37:G47) -> 243.2 | H49: =SUM(H37:H47) -> 293.4 | I49: =SUM(I37:I47) -> 347.5 | J49: =SUM(J37:J47) -> 413.7 | ... X49: =SUM(X37:X47) -> 117
A50: (assuming 12 year average measure life)
A52: Cumulative Energy Savings from EE (MWh per year) | C52: =C49*8760 -> 252288 | D52: =D49*8760 -> 830448 | E52: =E49*8760 -> 1365684 | F52: =F49*8784 -> 1778760 | G52: =G49*8760 -> 2130432 | H52: =H49*8760 -> 2570184 | I52: =I49*8760 -> 3044100 | J52: =J49*8784 -> 3633940.8 | K52: =K49*8760 -> 4159248 | L52: =L49*8760 -> 4951152 | M52: =M49*8760 -> 5976072 | N52: =N49*8784 -> 5992444.8 | O52: =O49*8760 -> 5723784 | P52: =P49*8760 -> 5145624 | Q52: =Q49*8760 -> 4610388 | R52: =R49*8784 -> 4213684.8 | S52: =S49*8760 -> 3845640 | T52: =T49*8760 -> 3405888 | U52: =U49*8760 -> 2931972 | V52: =V49*8784 -> 2358504 | W52: =W49*8760 -> 1816824 | X52: =X49*8760 -> 1024920 | Y52: =SUM(C52:X52) -> 71761982 | Z52: Lifetime MWH of savings for measures installed 2001-2011
A53: (assuming 12 year average measure life)
A55: FY Average Mid-C Wholesale Price ($/MWH)
A56: (Dow Jones annual average) | C56: 205 | D56: 21.73 | E56: 39.63 | F56: 42.2 | G56: 52.74 | H56: 57.97 | I56: 55.03 | J56: 67.52 | K56: 37.95 | L56: 38.91 | M56: 29.8 | N56: 20 | O56: 25 | P56: 28 | Q56: 29 | R56: 30 | S56: 30 | T56: 30 | U56: 30 | V56: 30 | W56: 30 | X56: 30 | Z56: Assumed price of Mid-C for 2012-2022
A58: Annual Benefit (or Loss) from EE Investments
A59: Value of Energy Saved***** | C59: =(C52*C56)/1000000 -> 51.71904 | D59: =(D52*D56)/1000000 -> 18.045635 | E59: =(E52*E56)/1000000 -> 54.122057 | F59: =(F52*F56)/1000000 -> 75.063672 | G59: =(G52*G56)/1000000 -> 112.35898 | H59: =(H52*H56)/1000000 -> 148.99357 | I59: =(I52*I56)/1000000 -> 167.51682 | J59: =(J52*J56)/1000000 -> 245.36368 | ... X59: =(X52*X56)/1000000 -> 30.7476 | Y59: =SUM(C59:X59) -> 2530.4084 | Z59: Lifetime Revenue from selling power available from "EE savings" into the market at Mid-C prices
A60: Less: Annual Cost of EE Program | C60: =-C34 -> -25.492273 | D60: =-D34 -> -59.770671 | E60: =-E34 -> -68.071969 | F60: =-F34 -> -66.561018 | G60: =-G34 -> -65.701863 | H60: =-H34 -> -76.436341 | I60: =-I34 -> -74.875003 | J60: =-J34 -> -71.249726 | ... X60: =-X34 -> -19.29355 | Y60: =SUM(C60:X60) -> -1088.9991 | Z60: Total Capital, Interest & Expensed cost of EE 2001-2022 for investments made 2001 - 2011
A62: Impact on Net Revenue Due to EE Program (Nominal $ mil) | C62: =C59+C60 -> 26.226767 | D62: =D59+D60 -> -41.725036 | E62: =E59+E60 -> -13.949912 | F62: =F59+F60 -> 8.5026542 | G62: =G59+G60 -> 46.65712 | H62: =H59+H60 -> 72.557226 | I62: =I59+I60 -> 92.64182 | J62: =J59+J60 -> 174.11396 | ... X62: =X59+X60 -> 11.45405 | Y62: =SUM(C62:X62) -> 1441.4093 | Z62: Lifetime Net Benefit (Cost) of EE Investments if savings permitted BPA to sell equivalent power at Mid-C prices
A64: Discount Factor | C64: =1/(1+$B$6)^(C10-$M$10) -> 1.7908477 | D64: =1/(1+$B$6)^(D10-$M$10) -> 1.689479 | E64: =1/(1+$B$6)^(E10-$M$10) -> 1.5938481 | F64: =1/(1+$B$6)^(F10-$M$10) -> 1.5036303 | G64: =1/(1+$B$6)^(G10-$M$10) -> 1.4185191 | H64: =1/(1+$B$6)^(H10-$M$10) -> 1.3382256 | I64: =1/(1+$B$6)^(I10-$M$10) -> 1.262477 | J64: =1/(1+$B$6)^(J10-$M$10) -> 1.191016 | ... X64: =1/(1+$B$6)^(X10-$M$10) -> 0.52678753
A66: Present Value Impact on Net Revenue Due to EE Program ($ mil in year 2011) | C66: =C62*C64 -> 46.968145 | D66: =D62*D64 -> -70.493571 | E66: =E62*E64 -> -22.23404 | F66: =F62*F64 -> 12.784848 | G66: =G62*G64 -> 66.184017 | H66: =H62*H64 -> 97.097935 | I66: =I62*I64 -> 116.95816 | J66: =J62*J64 -> 207.37251 | ... X66: =X62*X64 -> 6.0338505
A68: Net Present Value Total Impact on Net Revenue Due to EE Program ($ mil in year 2011) | C68: =SUM(C66:X66) -> 1342.9184
A71: Yearly Cost of EE Savings ($/MWh) | C71: =(C34*1000000)/C52 -> 101.04433 | D71: =(D34*1000000)/D52 -> 71.974009 | E71: =(E34*1000000)/E52 -> 49.844597 | F71: =(F34*1000000)/F52 -> 37.419898 | G71: =(G34*1000000)/G52 -> 30.83969 | H71: =(H34*1000000)/H52 -> 29.739638 | I71: =(I34*1000000)/I52 -> 24.596762 | J71: =(J34*1000000)/J52 -> 19.606738 | ... X71: =(X34*1000000)/X52 -> 18.824445
A75: Notes:
A76: * If the B6 is changed to reflect a different average measure life, rows 15 and 51 would need to be manually adjusted.
A77: ** For many measures, the savings “persist” as end-users likely reinstall the measure with something as efficient or better. Assuming zero percent persistence translates into savings “expiring” after 12 years. On the other hand, assuming 100 percent persistence translates into savings persisting till the end of the analysis period, i.e., 2022. See note in Companion document for more information on persistence.
A78: *** Expensed "Program Costs" includes net Federal Reimbursables, but does not include Debt Service and Legacy costs.
A79: **** For example, the $6.4 million in 2003 represents the principal and interest paid for all debt incurred from 2001 through 2003.
A80: ***** Calculated as 1) Revenue from Selling EE Savings @ Mid-C Market or 2) Avoided Cost of Purchasing EE Savings @ Mid-C

Sheet EE v Mid-C_LLH
A1: Energy Efficiency vs. Mid-C Analysis | Y1: 2001-2020 for Investments made through 2011
A2: (Dollar figures are nominal and in millions unless otherwise denoted)
A4: Assumptions
A5: Nominal Interest Rate | B5: 0.06
A6: Nominal Discount Rate | B6: =B5 -> 0.06
A7: Average Measure Life (years)* | B7: 12
A8: Percent of Savings Persistence** | B8: 0
A10: Fiscal Year | C10: 2001 | D10: 2002 | E10: 2003 | F10: 2004 | G10: 2005 | H10: 2006 | I10: 2007 | J10: 2008 | K10: 2009 | L10: 2010 | M10: 2011 | N10: 2012 | O10: 2013 | P10: 2014 | Q10: 2015 | R10: 2016 | S10: 2017 | T10: 2018 | U10: 2019 | V10: 2020 | W10: 2021 | X10: 2022
C11: ($ mil) | D11: ($ mil) | E11: ($ mil) | F11: ($ mil) | G11: ($ mil) | H11: ($ mil) | I11: ($ mil) | J11: ($ mil) | K11: ($ mil) | L11: ($ mil) | M11: ($ mil) | N11: ($ mil) | O11: ($ mil) | P11: ($ mil) | Q11: ($ mil) | R11: ($ mil) | S11: ($ mil) | T11: ($ mil) | U11: ($ mil) | V11: ($ mil) | W11: ($ mil) | X11: ($ mil)
A12: Capital EE Investments
A13: Amount Borrowed and Invested for EE | C13: 27.072 | D13: 0.96 | E13: 25.459 | F13: 15.348277 | G13: 14.922681 | H13: 23.713743 | I13: 3.1647565 | J13: 8.2188602 | K13: 19.182273 | L13: 55.311286 | M13: 161.75412 | N13: 0 | O13: 0 | P13: 0 | Q13: 0 | R13: 0 | S13: 0 | T13: 0 | U13: 0 | V13: 0 | W13: 0 | X13: 0 | Y13: =SUM(C13:X13) -> 355.10699 | Z13: Total Capital Cost of EE 2001 - 2011
A15: Amortization Payment (calculated using PMT function, based on amortization periods below) | B15: FY
A16: 20 | B16: 2001 | C16: =PMT($B$5,$A$16,-C13) -> 2.3602603 | D16: =C16 -> 2.3602603 | E16: =D16 -> 2.3602603 | F16: =E16 -> 2.3602603 | G16: =F16 -> 2.3602603 | H16: =G16 -> 2.3602603 | I16: =H16 -> 2.3602603 | J16: =I16 -> 2.3602603 | K16: =J16 -> 2.3602603 | ... V16: =U16 -> 2.3602603
A17: 10 | B17: 2002 | D17: =PMT($B$5,$A$17,-D13) -> 0.13043324 | E17: =D17 -> 0.13043324 | F17: =E17 -> 0.13043324 | G17: =F17 -> 0.13043324 | H17: =G17 -> 0.13043324 | I17: =H17 -> 0.13043324 | J17: =I17 -> 0.13043324 | K17: =J17 -> 0.13043324 | L17: =K17 -> 0.13043324 | M17: =L17 -> 0.13043324
A18: 9 | B18: 2003 | E18: =PMT($B$5,$A$18,-E13) -> 3.7430391 | F18: =E18 -> 3.7430391 | G18: =F18 -> 3.7430391 | H18: =G18 -> 3.7430391 | I18: =H18 -> 3.7430391 | J18: =I18 -> 3.7430391 | K18: =J18 -> 3.7430391 | L18: =K18 -> 3.7430391 | M18: =L18 -> 3.7430391
A19: 8 | B19: 2004 | F19: =PMT($B$5,$A$19,-F13) -> 2.4716242 | G19: =F19 -> 2.4716242 | H19: =G19 -> 2.4716242 | I19: =H19 -> 2.4716242 | J19: =I19 -> 2.4716242 | K19: =J19 -> 2.4716242 | L19: =K19 -> 2.4716242 | M19: =L19 -> 2.4716242
A20: 7 | B20: 2005 | G20: =PMT($B$5,$A$20,-G13) -> 2.6731748 | H20: =G20 -> 2.6731748 | I20: =H20 -> 2.6731748 | J20: =I20 -> 2.6731748 | K20: =J20 -> 2.6731748 | L20: =K20 -> 2.6731748 | M20: =L20 -> 2.6731748
A21: 6 | B21: 2006 | H21: =PMT($B$5,$A$21,-H13) -> 4.8224892 | I21: =H21 -> 4.8224892 | J21: =I21 -> 4.8224892 | K21: =J21 -> 4.8224892 | L21: =K21 -> 4.8224892 | M21: =L21 -> 4.8224892
A22: 5 | B22: 2007 | I22: =PMT($B$5,$A$22,-I13) -> 0.7513018 | J22: =I22 -> 0.7513018 | K22: =J22 -> 0.7513018 | L22: =K22 -> 0.7513018 | M22: =L22 -> 0.7513018
A23: 5 | B23: 2008 | J23: =PMT($B$5,$A$23,-J13) -> 1.9511278 | K23: =J23 -> 1.9511278 | L23: =K23 -> 1.9511278 | M23: =L23 -> 1.9511278 | N23: =M23 -> 1.9511278
A24: 5 | B24: 2009 | K24: =PMT($B$5,$A$24,-K13) -> 4.5538026 | L24: =K24 -> 4.5538026 | M24: =L24 -> 4.5538026 | N24: =M24 -> 4.5538026 | O24: =N24 -> 4.5538026
A25: 5 | B25: 2010 | L25: =PMT($B$5,$A$25,-L13) -> 13.1307 | M25: =L25 -> 13.1307 | N25: =M25 -> 13.1307 | O25: =N25 -> 13.1307 | P25: =O25 -> 13.1307
A26: 12 | B26: 2011 | M26: =PMT($B$5,$A$26,-M13) -> 19.29355 | N26: =M26 -> 19.29355 | O26: =N26 -> 19.29355 | P26: =O26 -> 19.29355 | Q26: =P26 -> 19.29355 | R26: =Q26 -> 19.29355 | S26: =R26 -> 19.29355 | T26: =S26 -> 19.29355 | U26: =T26 -> 19.29355 | ... X26: =W26 -> 19.29355
A27: EE Expenses
A28: Program Costs*** | C28: 13.051706 | D28: 48.242542 | E28: 55.546178 | F28: 50.851063 | G28: 47.193856 | H28: 52.841545 | I28: 50.905689 | J28: 44.130431 | K28: 45.20827 | L28: 52.663146 | M28: 53.74948
A29: Staff Costs | C29: 10.080307 | D29: 9.0374359 | E29: 6.2920587 | F29: 7.0045975 | G29: 7.1294753 | H29: 7.393775 | I29: 7.0169919 | J29: 8.2158451 | K29: 10.55793 | L29: 8.8698208 | M29: 9.9426776
A30: Total Expenses | C30: =SUM(C28:C29) -> 23.132013 | D30: =SUM(D28:D29) -> 57.279978 | E30: =SUM(E28:E29) -> 61.838236 | F30: =SUM(F28:F29) -> 57.855661 | G30: =SUM(G28:G29) -> 54.323332 | H30: =SUM(H28:H29) -> 60.23532 | I30: =SUM(I28:I29) -> 57.922681 | J30: =SUM(J28:J29) -> 52.346276 | ... M30: =SUM(M28:M29) -> 63.692158 | Y30: =SUM(C30:X30) -> 605.92482 | Z30: Total Expensed cost of EE 2001-2011 including Program/Staff costs
A32: EE Capital Costs
A33: Yearly Principal and Interest Paid on EE Borrowings since 2001**** | C33: =SUM(C16:C26) -> 2.3602603 | D33: =SUM(D16:D26) -> 2.4906936 | E33: =SUM(E16:E26) -> 6.2337326 | F33: =SUM(F16:F26) -> 8.7053568 | G33: =SUM(G16:G26) -> 11.378532 | H33: =SUM(H16:H26) -> 16.201021 | I33: =SUM(I16:I26) -> 16.952323 | J33: =SUM(J16:J26) -> 18.90345 | ... X33: =SUM(X16:X26) -> 19.29355 | Y33: =SUM(C33:X33) -> 483.07431 | Z33: Total Capital & Interest cost for investments in EE 2001-2022 (includes amortization of all investments 2001 - 2011)
A34: Annual Cost of EE Program | C34: =C30+C33 -> 25.492273 | D34: =D30+D33 -> 59.770671 | E34: =E30+E33 -> 68.071969 | F34: =F30+F33 -> 66.561018 | G34: =G30+G33 -> 65.701863 | H34: =H30+H33 -> 76.436341 | I34: =I30+I33 -> 74.875003 | J34: =J30+J33 -> 71.249726 | ... X34: =X30+X33 -> 19.29355
A35: BPA Booked Programmatic Savings (aMW) | C35: 28.8 | D35: 66 | E35: 61.1 | F35: 46.6 | G35: 40.7 | H35: 50.2 | I35: 54.1 | J35: 66.2 | K35: 61.1 | L35: 90.4 | M35: 117 | N35: 0 | O35: 0 | P35: 0 | Q35: 0 | R35: 0 | S35: 0 | T35: 0 | U35: 0 | V35: 0 | W35: 0 | X35: 0
A37: Annual Savings Per FY from EE | C37: =$C$35 -> 28.8 | D37: =$C$35 -> 28.8 | E37: =$C$35 -> 28.8 | F37: =$C$35 -> 28.8 | G37: =$C$35 -> 28.8 | H37: =$C$35 -> 28.8 | I37: =$C$35 -> 28.8 | J37: =$C$35 -> 28.8 | ... N37: =$C$35 -> 28.8 | O37: =$N$37*$B$8 -> 0 | P37: =$N$37*$B$8 -> 0 | Q37: =$N$37*$B$8 -> 0 | R37: =$N$37*$B$8 -> 0 | S37: =$N$37*$B$8 -> 0 | T37: =$N$37*$B$8 -> 0 | U37: =$N$37*$B$8 -> 0 | V37: =$N$37*$B$8 -> 0 | ... X37: =$N$37*$B$8 -> 0
A38: (assuming 12 year average measure life and persistence percentage) | D38: =$D$35 -> 66 | E38: =$D$35 -> 66 | F38: =$D$35 -> 66 | G38: =$D$35 -> 66 | H38: =$D$35 -> 66 | I38: =$D$35 -> 66 | J38: =$D$35 -> 66 | K38: =$D$35 -> 66 | ... O38: =$D$35 -> 66 | P38: =$O$38*$B$8 -> 0 | Q38: =$O$38*$B$8 -> 0 | R38: =$O$38*$B$8 -> 0 | S38: =$O$38*$B$8 -> 0 | T38: =$O$38*$B$8 -> 0 | U38: =$O$38*$B$8 -> 0 | V38: =$O$38*$B$8 -> 0 | W38: =$O$38*$B$8 -> 0 | X38: =$O$38*$B$8 -> 0
E39: =$E$35 -> 61.1 | F39: =$E$35 -> 61.1 | G39: =$E$35 -> 61.1 | H39: =$E$35 -> 61.1 | I39: =$E$35 -> 61.1 | J39: =$E$35 -> 61.1 | K39: =$E$35 -> 61.1 | L39: =$E$35 -> 61.1 | ... P39: =$E$35 -> 61.1 | Q39: =$P$39*$B$8 -> 0 | R39: =$P$39*$B$8 -> 0 | S39: =$P$39*$B$8 -> 0 | T39: =$P$39*$B$8 -> 0 | U39: =$P$39*$B$8 -> 0 | V39: =$P$39*$B$8 -> 0 | W39: =$P$39*$B$8 -> 0 | X39: =$P$39*$B$8 -> 0
F40: =$F$35 -> 46.6 | G40: =$F$35 -> 46.6 | H40: =$F$35 -> 46.6 | I40: =$F$35 -> 46.6 | J40: =$F$35 -> 46.6 | K40: =$F$35 -> 46.6 | L40: =$F$35 -> 46.6 | M40: =$F$35 -> 46.6 | ... Q40: =$F$35 -> 46.6 | R40: =$Q$40*$B$8 -> 0 | S40: =$Q$40*$B$8 -> 0 | T40: =$Q$40*$B$8 -> 0 | U40: =$Q$40*$B$8 -> 0 | V40: =$Q$40*$B$8 -> 0 | W40: =$Q$40*$B$8 -> 0 | X40: =$Q$40*$B$8 -> 0
G41: =$G$35 -> 40.7 | H41: =$G$35 -> 40.7 | I41: =$G$35 -> 40.7 | J41: =$G$35 -> 40.7 | K41: =$G$35 -> 40.7 | L41: =$G$35 -> 40.7 | M41: =$G$35 -> 40.7 | N41: =$G$35 -> 40.7 | ... R41: =$G$35 -> 40.7 | S41: =$R$41*$B$8 -> 0 | T41: =$R$41*$B$8 -> 0 | U41: =$R$41*$B$8 -> 0 | V41: =$R$41*$B$8 -> 0 | W41: =$R$41*$B$8 -> 0 | X41: =$R$41*$B$8 -> 0
H42: =$H$35 -> 50.2 | I42: =$H$35 -> 50.2 | J42: =$H$35 -> 50.2 | K42: =$H$35 -> 50.2 | L42: =$H$35 -> 50.2 | M42: =$H$35 -> 50.2 | N42: =$H$35 -> 50.2 | O42: =$H$35 -> 50.2 | ... S42: =$H$35 -> 50.2 | T42: =$S$42*$B$8 -> 0 | U42: =$S$42*$B$8 -> 0 | V42: =$S$42*$B$8 -> 0 | W42: =$S$42*$B$8 -> 0 | X42: =$S$42*$B$8 -> 0
I43: =$I$35 -> 54.1 | J43: =$I$35 -> 54.1 | K43: =$I$35 -> 54.1 | L43: =$I$35 -> 54.1 | M43: =$I$35 -> 54.1 | N43: =$I$35 -> 54.1 | O43: =$I$35 -> 54.1 | P43: =$I$35 -> 54.1 | ... T43: =$I$35 -> 54.1 | U43: =$T$43*$B$8 -> 0 | V43: =$T$43*$B$8 -> 0 | W43: =$T$43*$B$8 -> 0 | X43: =$T$43*$B$8 -> 0
J44: =$J$35 -> 66.2 | K44: =$J$35 -> 66.2 | L44: =$J$35 -> 66.2 | M44: =$J$35 -> 66.2 | N44: =$J$35 -> 66.2 | O44: =$J$35 -> 66.2 | P44: =$J$35 -> 66.2 | Q44: =$J$35 -> 66.2 | ... U44: =$J$35 -> 66.2 | V44: =$U$44*$B$8 -> 0 | W44: =$U$44*$B$8 -> 0 | X44: =$U$44*$B$8 -> 0
K45: =$K$35 -> 61.1 | L45: =$K$35 -> 61.1 | M45: =$K$35 -> 61.1 | N45: =$K$35 -> 61.1 | O45: =$K$35 -> 61.1 | P45: =$K$35 -> 61.1 | Q45: =$K$35 -> 61.1 | R45: =$K$35 -> 61.1 | ... V45: =$K$35 -> 61.1 | W45: =$V$45*$B$8 -> 0 | X45: =$V$45*$B$8 -> 0
L46: =$L$35 -> 90.4 | M46: =$L$35 -> 90.4 | N46: =$L$35 -> 90.4 | O46: =$L$35 -> 90.4 | P46: =$L$35 -> 90.4 | Q46: =$L$35 -> 90.4 | R46: =$L$35 -> 90.4 | S46: =$L$35 -> 90.4 | ... W46: =$L$35 -> 90.4 | X46: =$W$46*$B$8 -> 0
M47: =$M$35 -> 117 | N47: =$M$35 -> 117 | O47: =$M$35 -> 117 | P47: =$M$35 -> 117 | Q47: =$M$35 -> 117 | R47: =$M$35 -> 117 | S47: =$M$35 -> 117 | T47: =$M$35 -> 117 | ... X47: =$M$35 -> 117
A49: Cumulative Energy Savings from EE (aMW per year) | C49: =SUM(C37:C47) -> 28.8 | D49: =SUM(D37:D47) -> 94.8 | E49: =SUM(E37:E47) -> 155.9 | F49: =SUM(F37:F47) -> 202.5 | G49: =SUM(G37:G47) -> 243.2 | H49: =SUM(H37:H47) -> 293.4 | I49: =SUM(I37:I47) -> 347.5 | J49: =SUM(J37:J47) -> 413.7 | ... X49: =SUM(X37:X47) -> 117
A50: (assuming 12 year average measure life)
A52: Cumulative Energy Savings from EE (MWh per year) | C52: =C49*8760 -> 252288 | D52: =D49*8760 -> 830448 | E52: =E49*8760 -> 1365684 | F52: =F49*8784 -> 1778760 | G52: =G49*8760 -> 2130432 | H52: =H49*8760 -> 2570184 | I52: =I49*8760 -> 3044100 | J52: =J49*8784 -> 3633940.8 | K52: =K49*8760 -> 4159248 | L52: =L49*8760 -> 4951152 | M52: =M49*8760 -> 5976072 | N52: =N49*8784 -> 5992444.8 | O52: =O49*8760 -> 5723784 | P52: =P49*8760 -> 5145624 | Q52: =Q49*8760 -> 4610388 | R52: =R49*8784 -> 4213684.8 | S52: =S49*8760 -> 3845640 | T52: =T49*8760 -> 3405888 | U52: =U49*8760 -> 2931972 | V52: =V49*8784 -> 2358504 | W52: =W49*8760 -> 1816824 | X52: =X49*8760 -> 1024920 | Y52: =SUM(C52:X52) -> 71761982 | Z52: Lifetime MWH of savings for measures installed 2001-2011
A53: (assuming 12 year average measure life)
A55: FY Average Mid-C Wholesale Price ($/MWH)
A56: (Dow Jones annual average) | C56: 168.92 | D56: 18.38 | E56: 33.66 | F56: 37.3 | G56: 44.02 | H56: 46.82 | I56: 43.47 | J56: 53.54 | K56: 30.96 | L56: 30.66 | M56: 17.75 | N56: 20 | O56: 25 | P56: 28 | Q56: 29 | R56: 30 | S56: 30 | T56: 30 | U56: 30 | V56: 30 | W56: 30 | X56: 30 | Z56: Assumed price of Mid-C for 2012-2022
A58: Annual Benefit (or Loss) from EE Investments
A59: Value of Energy Saved***** | C59: =(C52*C56)/1000000 -> 42.616489 | D59: =(D52*D56)/1000000 -> 15.263634 | E59: =(E52*E56)/1000000 -> 45.968923 | F59: =(F52*F56)/1000000 -> 66.347748 | G59: =(G52*G56)/1000000 -> 93.781617 | H59: =(H52*H56)/1000000 -> 120.33601 | I59: =(I52*I56)/1000000 -> 132.32703 | J59: =(J52*J56)/1000000 -> 194.56119 | ... X59: =(X52*X56)/1000000 -> 30.7476 | Y59: =SUM(C59:X59) -> 2226.4958 | Z59: Lifetime Revenue from selling power available from "EE savings" into the market at Mid-C prices
A60: Less: Annual Cost of EE Program | C60: =-C34 -> -25.492273 | D60: =-D34 -> -59.770671 | E60: =-E34 -> -68.071969 | F60: =-F34 -> -66.561018 | G60: =-G34 -> -65.701863 | H60: =-H34 -> -76.436341 | I60: =-I34 -> -74.875003 | J60: =-J34 -> -71.249726 | ... X60: =-X34 -> -19.29355 | Y60: =SUM(C60:X60) -> -1088.9991 | Z60: Total Capital, Interest & Expensed cost of EE 2001-2022 for investments made 2001 - 2011
A62: Impact on Net Revenue Due to EE Program (Nominal $ mil) | C62: =C59+C60 -> 17.124216 | D62: =D59+D60 -> -44.507037 | E62: =E59+E60 -> -22.103045 | F62: =F59+F60 -> -0.21326978 | G62: =G59+G60 -> 28.079753 | H62: =H59+H60 -> 43.899674 | I62: =I59+I60 -> 57.452024 | J62: =J59+J60 -> 123.31146 | ... X62: =X59+X60 -> 11.45405 | Y62: =SUM(C62:X62) -> 1137.4966 | Z62: Lifetime Net Benefit (Cost) of EE Investments if savings permitted BPA to sell equivalent power at Mid-C prices
A64: Discount Factor | C64: =1/(1+$B$6)^(C10-$M$10) -> 1.7908477 | D64: =1/(1+$B$6)^(D10-$M$10) -> 1.689479 | E64: =1/(1+$B$6)^(E10-$M$10) -> 1.5938481 | F64: =1/(1+$B$6)^(F10-$M$10) -> 1.5036303 | G64: =1/(1+$B$6)^(G10-$M$10) -> 1.4185191 | H64: =1/(1+$B$6)^(H10-$M$10) -> 1.3382256 | I64: =1/(1+$B$6)^(I10-$M$10) -> 1.262477 | J64: =1/(1+$B$6)^(J10-$M$10) -> 1.191016 | ... X64: =1/(1+$B$6)^(X10-$M$10) -> 0.52678753
A66: Present Value Impact on Net Revenue Due to EE Program ($ mil in year 2011) | C66: =C62*C64 -> 30.666862 | D66: =D62*D64 -> -75.193703 | E66: =E62*E64 -> -35.228896 | F66: =F62*F64 -> -0.32067889 | G66: =G62*G64 -> 39.831667 | H66: =H62*H64 -> 58.747667 | I66: =I62*I64 -> 72.531856 | J66: =J62*J64 -> 146.86593 | ... X66: =X62*X64 -> 6.0338505
A68: Net Present Value Total Impact on Net Revenue Due to EE Program ($ mil in year 2011) | C68: =SUM(C66:X66) -> 978.20505
A71: Yearly Cost of EE Savings ($/MWh) | C71: =(C34*1000000)/C52 -> 101.04433 | D71: =(D34*1000000)/D52 -> 71.974009 | E71: =(E34*1000000)/E52 -> 49.844597 | F71: =(F34*1000000)/F52 -> 37.419898 | G71: =(G34*1000000)/G52 -> 30.83969 | H71: =(H34*1000000)/H52 -> 29.739638 | I71: =(I34*1000000)/I52 -> 24.596762 | J71: =(J34*1000000)/J52 -> 19.606738 | ... X71: =(X34*1000000)/X52 -> 18.824445
A75: Notes:
A76: * If the B6 is changed to reflect a different average measure life, rows 15 and 51 would need to be manually adjusted.
A77: ** For many measures, the savings “persist” as end-users likely reinstall the measure with something as efficient or better. Assuming zero percent persistence translates into savings “expiring” after 12 years. On the other hand, assuming 100 percent persistence translates into savings persisting till the end of the analysis period, i.e., 2022. See note in Companion document for more information on persistence.
A78: *** Expensed "Program Costs" includes net Federal Reimbursables, but does not include Debt Service and Legacy costs.
A79: **** For example, the $6.4 million in 2003 represents the principal and interest paid for all debt incurred from 2001 through 2003.
A80: ***** Calculated as 1) Revenue from Selling EE Savings @ Mid-C Market or 2) Avoided Cost of Purchasing EE Savings @ Mid-C

Sheet EE v Mid-C_FYQ3 Flat
A1: Energy Efficiency vs. Mid-C Analysis | Y1: 2001-2020 for Investments made through 2011
A2: (Dollar figures are nominal and in millions unless otherwise denoted)
A4: Assumptions
A5: Nominal Interest Rate | B5: 0.06
A6: Nominal Discount Rate | B6: =B5 -> 0.06
A7: Average Measure Life (years)* | B7: 12
A8: Percent of Savings Persistence** | B8: 0
A10: Fiscal Year | C10: 2001 | D10: 2002 | E10: 2003 | F10: 2004 | G10: 2005 | H10: 2006 | I10: 2007 | J10: 2008 | K10: 2009 | L10: 2010 | M10: 2011 | N10: 2012 | O10: 2013 | P10: 2014 | Q10: 2015 | R10: 2016 | S10: 2017 | T10: 2018 | U10: 2019 | V10: 2020 | W10: 2021 | X10: 2022
C11: ($ mil) | D11: ($ mil) | E11: ($ mil) | F11: ($ mil) | G11: ($ mil) | H11: ($ mil) | I11: ($ mil) | J11: ($ mil) | K11: ($ mil) | L11: ($ mil) | M11: ($ mil) | N11: ($ mil) | O11: ($ mil) | P11: ($ mil) | Q11: ($ mil) | R11: ($ mil) | S11: ($ mil) | T11: ($ mil) | U11: ($ mil) | V11: ($ mil) | W11: ($ mil) | X11: ($ mil)
A12: Capital EE Investments
A13: Amount Borrowed and Invested for EE | C13: 27.072 | D13: 0.96 | E13: 25.459 | F13: 15.348277 | G13: 14.922681 | H13: 23.713743 | I13: 3.1647565 | J13: 8.2188602 | K13: 19.182273 | L13: 55.311286 | M13: 161.75412 | N13: 0 | O13: 0 | P13: 0 | Q13: 0 | R13: 0 | S13: 0 | T13: 0 | U13: 0 | V13: 0 | W13: 0 | X13: 0 | Y13: =SUM(C13:X13) -> 355.10699 | Z13: Total Capital Cost of EE 2001 - 2011
A15: Amortization Payment (calculated using PMT function, based on amortization periods below) | B15: FY
A16: 20 | B16: 2001 | C16: =PMT($B$5,$A$16,-C13) -> 2.3602603 | D16: =C16 -> 2.3602603 | E16: =D16 -> 2.3602603 | F16: =E16 -> 2.3602603 | G16: =F16 -> 2.3602603 | H16: =G16 -> 2.3602603 | I16: =H16 -> 2.3602603 | J16: =I16 -> 2.3602603 | K16: =J16 -> 2.3602603 | ... V16: =U16 -> 2.3602603
A17: 10 | B17: 2002 | D17: =PMT($B$5,$A$17,-D13) -> 0.13043324 | E17: =D17 -> 0.13043324 | F17: =E17 -> 0.13043324 | G17: =F17 -> 0.13043324 | H17: =G17 -> 0.13043324 | I17: =H17 -> 0.13043324 | J17: =I17 -> 0.13043324 | K17: =J17 -> 0.13043324 | L17: =K17 -> 0.13043324 | M17: =L17 -> 0.13043324
A18: 9 | B18: 2003 | E18: =PMT($B$5,$A$18,-E13) -> 3.7430391 | F18: =E18 -> 3.7430391 | G18: =F18 -> 3.7430391 | H18: =G18 -> 3.7430391 | I18: =H18 -> 3.7430391 | J18: =I18 -> 3.7430391 | K18: =J18 -> 3.7430391 | L18: =K18 -> 3.7430391 | M18: =L18 -> 3.7430391
A19: 8 | B19: 2004 | F19: =PMT($B$5,$A$19,-F13) -> 2.4716242 | G19: =F19 -> 2.4716242 | H19: =G19 -> 2.4716242 | I19: =H19 -> 2.4716242 | J19: =I19 -> 2.4716242 | K19: =J19 -> 2.4716242 | L19: =K19 -> 2.4716242 | M19: =L19 -> 2.4716242
A20: 7 | B20: 2005 | G20: =PMT($B$5,$A$20,-G13) -> 2.6731748 | H20: =G20 -> 2.6731748 | I20: =H20 -> 2.6731748 | J20: =I20 -> 2.6731748 | K20: =J20 -> 2.6731748 | L20: =K20 -> 2.6731748 | M20: =L20 -> 2.6731748
A21: 6 | B21: 2006 | H21: =PMT($B$5,$A$21,-H13) -> 4.8224892 | I21: =H21 -> 4.8224892 | J21: =I21 -> 4.8224892 | K21: =J21 -> 4.8224892 | L21: =K21 -> 4.8224892 | M21: =L21 -> 4.8224892
A22: 5 | B22: 2007 | I22: =PMT($B$5,$A$22,-I13) -> 0.7513018 | J22: =I22 -> 0.7513018 | K22: =J22 -> 0.7513018 | L22: =K22 -> 0.7513018 | M22: =L22 -> 0.7513018
A23: 5 | B23: 2008 | J23: =PMT($B$5,$A$23,-J13) -> 1.9511278 | K23: =J23 -> 1.9511278 | L23: =K23 -> 1.9511278 | M23: =L23 -> 1.9511278 | N23: =M23 -> 1.9511278
A24: 5 | B24: 2009 | K24: =PMT($B$5,$A$24,-K13) -> 4.5538026 | L24: =K24 -> 4.5538026 | M24: =L24 -> 4.5538026 | N24: =M24 -> 4.5538026 | O24: =N24 -> 4.5538026
A25: 5 | B25: 2010 | L25: =PMT($B$5,$A$25,-L13) -> 13.1307 | M25: =L25 -> 13.1307 | N25: =M25 -> 13.1307 | O25: =N25 -> 13.1307 | P25: =O25 -> 13.1307
A26: 12 | B26: 2011 | M26: =PMT($B$5,$A$26,-M13) -> 19.29355 | N26: =M26 -> 19.29355 | O26: =N26 -> 19.29355 | P26: =O26 -> 19.29355 | Q26: =P26 -> 19.29355 | R26: =Q26 -> 19.29355 | S26: =R26 -> 19.29355 | T26: =S26 -> 19.29355 | U26: =T26 -> 19.29355 | ... X26: =W26 -> 19.29355
A27: EE Expenses
A28: Program Costs*** | C28: 13.051706 | D28: 48.242542 | E28: 55.546178 | F28: 50.851063 | G28: 47.193856 | H28: 52.841545 | I28: 50.905689 | J28: 44.130431 | K28: 45.20827 | L28: 52.663146 | M28: 53.74948
A29: Staff Costs | C29: 10.080307 | D29: 9.0374359 | E29: 6.2920587 | F29: 7.0045975 | G29: 7.1294753 | H29: 7.393775 | I29: 7.0169919 | J29: 8.2158451 | K29: 10.55793 | L29: 8.8698208 | M29: 9.9426776
A30: Total Expenses | C30: =SUM(C28:C29) -> 23.132013 | D30: =SUM(D28:D29) -> 57.279978 | E30: =SUM(E28:E29) -> 61.838236 | F30: =SUM(F28:F29) -> 57.855661 | G30: =SUM(G28:G29) -> 54.323332 | H30: =SUM(H28:H29) -> 60.23532 | I30: =SUM(I28:I29) -> 57.922681 | J30: =SUM(J28:J29) -> 52.346276 | ... M30: =SUM(M28:M29) -> 63.692158 | Y30: =SUM(C30:X30) -> 605.92482 | Z30: Total Expensed cost of EE 2001-2011 including Program/Staff costs
A32: EE Capital Costs
A33: Yearly Principal and Interest Paid on EE Borrowings since 2001**** | C33: =SUM(C16:C26) -> 2.3602603 | D33: =SUM(D16:D26) -> 2.4906936 | E33: =SUM(E16:E26) -> 6.2337326 | F33: =SUM(F16:F26) -> 8.7053568 | G33: =SUM(G16:G26) -> 11.378532 | H33: =SUM(H16:H26) -> 16.201021 | I33: =SUM(I16:I26) -> 16.952323 | J33: =SUM(J16:J26) -> 18.90345 | ... X33: =SUM(X16:X26) -> 19.29355 | Y33: =SUM(C33:X33) -> 483.07431 | Z33: Total Capital & Interest cost for investments in EE 2001-2022 (includes amortization of all investments 2001 - 2011)
A34: Annual Cost of EE Program | C34: =C30+C33 -> 25.492273 | D34: =D30+D33 -> 59.770671 | E34: =E30+E33 -> 68.071969 | F34: =F30+F33 -> 66.561018 | G34: =G30+G33 -> 65.701863 | H34: =H30+H33 -> 76.436341 | I34: =I30+I33 -> 74.875003 | J34: =J30+J33 -> 71.249726 | ... X34: =X30+X33 -> 19.29355
A35: BPA Booked Programmatic Savings (aMW) | C35: 28.8 | D35: 66 | E35: 61.1 | F35: 46.6 | G35: 40.7 | H35: 50.2 | I35: 54.1 | J35: 66.2 | K35: 61.1 | L35: 90.4 | M35: 117 | N35: 0 | O35: 0 | P35: 0 | Q35: 0 | R35: 0 | S35: 0 | T35: 0 | U35: 0 | V35: 0 | W35: 0 | X35: 0
A37: Annual Savings Per FY from EE | C37: =$C$35 -> 28.8 | D37: =$C$35 -> 28.8 | E37: =$C$35 -> 28.8 | F37: =$C$35 -> 28.8 | G37: =$C$35 -> 28.8 | H37: =$C$35 -> 28.8 | I37: =$C$35 -> 28.8 | J37: =$C$35 -> 28.8 | ... N37: =$C$35 -> 28.8 | O37: =$N$37*$B$8 -> 0 | P37: =$N$37*$B$8 -> 0 | Q37: =$N$37*$B$8 -> 0 | R37: =$N$37*$B$8 -> 0 | S37: =$N$37*$B$8 -> 0 | T37: =$N$37*$B$8 -> 0 | U37: =$N$37*$B$8 -> 0 | V37: =$N$37*$B$8 -> 0 | ... X37: =$N$37*$B$8 -> 0
A38: (assuming 12 year average measure life and persistence percentage) | D38: =$D$35 -> 66 | E38: =$D$35 -> 66 | F38: =$D$35 -> 66 | G38: =$D$35 -> 66 | H38: =$D$35 -> 66 | I38: =$D$35 -> 66 | J38: =$D$35 -> 66 | K38: =$D$35 -> 66 | ... O38: =$D$35 -> 66 | P38: =$O$38*$B$8 -> 0 | Q38: =$O$38*$B$8 -> 0 | R38: =$O$38*$B$8 -> 0 | S38: =$O$38*$B$8 -> 0 | T38: =$O$38*$B$8 -> 0 | U38: =$O$38*$B$8 -> 0 | V38: =$O$38*$B$8 -> 0 | W38: =$O$38*$B$8 -> 0 | X38: =$O$38*$B$8 -> 0
E39: =$E$35 -> 61.1 | F39: =$E$35 -> 61.1 | G39: =$E$35 -> 61.1 | H39: =$E$35 -> 61.1 | I39: =$E$35 -> 61.1 | J39: =$E$35 -> 61.1 | K39: =$E$35 -> 61.1 | L39: =$E$35 -> 61.1 | ... P39: =$E$35 -> 61.1 | Q39: =$P$39*$B$8 -> 0 | R39: =$P$39*$B$8 -> 0 | S39: =$P$39*$B$8 -> 0 | T39: =$P$39*$B$8 -> 0 | U39: =$P$39*$B$8 -> 0 | V39: =$P$39*$B$8 -> 0 | W39: =$P$39*$B$8 -> 0 | X39: =$P$39*$B$8 -> 0
F40: =$F$35 -> 46.6 | G40: =$F$35 -> 46.6 | H40: =$F$35 -> 46.6 | I40: =$F$35 -> 46.6 | J40: =$F$35 -> 46.6 | K40: =$F$35 -> 46.6 | L40: =$F$35 -> 46.6 | M40: =$F$35 -> 46.6 | ... Q40: =$F$35 -> 46.6 | R40: =$Q$40*$B$8 -> 0 | S40: =$Q$40*$B$8 -> 0 | T40: =$Q$40*$B$8 -> 0 | U40: =$Q$40*$B$8 -> 0 | V40: =$Q$40*$B$8 -> 0 | W40: =$Q$40*$B$8 -> 0 | X40: =$Q$40*$B$8 -> 0
G41: =$G$35 -> 40.7 | H41: =$G$35 -> 40.7 | I41: =$G$35 -> 40.7 | J41: =$G$35 -> 40.7 | K41: =$G$35 -> 40.7 | L41: =$G$35 -> 40.7 | M41: =$G$35 -> 40.7 | N41: =$G$35 -> 40.7 | ... R41: =$G$35 -> 40.7 | S41: =$R$41*$B$8 -> 0 | T41: =$R$41*$B$8 -> 0 | U41: =$R$41*$B$8 -> 0 | V41: =$R$41*$B$8 -> 0 | W41: =$R$41*$B$8 -> 0 | X41: =$R$41*$B$8 -> 0
H42: =$H$35 -> 50.2 | I42: =$H$35 -> 50.2 | J42: =$H$35 -> 50.2 | K42: =$H$35 -> 50.2 | L42: =$H$35 -> 50.2 | M42: =$H$35 -> 50.2 | N42: =$H$35 -> 50.2 | O42: =$H$35 -> 50.2 | ... S42: =$H$35 -> 50.2 | T42: =$S$42*$B$8 -> 0 | U42: =$S$42*$B$8 -> 0 | V42: =$S$42*$B$8 -> 0 | W42: =$S$42*$B$8 -> 0 | X42: =$S$42*$B$8 -> 0
I43: =$I$35 -> 54.1 | J43: =$I$35 -> 54.1 | K43: =$I$35 -> 54.1 | L43: =$I$35 -> 54.1 | M43: =$I$35 -> 54.1 | N43: =$I$35 -> 54.1 | O43: =$I$35 -> 54.1 | P43: =$I$35 -> 54.1 | ... T43: =$I$35 -> 54.1 | U43: =$T$43*$B$8 -> 0 | V43: =$T$43*$B$8 -> 0 | W43: =$T$43*$B$8 -> 0 | X43: =$T$43*$B$8 -> 0
J44: =$J$35 -> 66.2 | K44: =$J$35 -> 66.2 | L44: =$J$35 -> 66.2 | M44: =$J$35 -> 66.2 | N44: =$J$35 -> 66.2 | O44: =$J$35 -> 66.2 | P44: =$J$35 -> 66.2 | Q44: =$J$35 -> 66.2 | ... U44: =$J$35 -> 66.2 | V44: =$U$44*$B$8 -> 0 | W44: =$U$44*$B$8 -> 0 | X44: =$U$44*$B$8 -> 0
K45: =$K$35 -> 61.1 | L45: =$K$35 -> 61.1 | M45: =$K$35 -> 61.1 | N45: =$K$35 -> 61.1 | O45: =$K$35 -> 61.1 | P45: =$K$35 -> 61.1 | Q45: =$K$35 -> 61.1 | R45: =$K$35 -> 61.1 | ... V45: =$K$35 -> 61.1 | W45: =$V$45*$B$8 -> 0 | X45: =$V$45*$B$8 -> 0
L46: =$L$35 -> 90.4 | M46: =$L$35 -> 90.4 | N46: =$L$35 -> 90.4 | O46: =$L$35 -> 90.4 | P46: =$L$35 -> 90.4 | Q46: =$L$35 -> 90.4 | R46: =$L$35 -> 90.4 | S46: =$L$35 -> 90.4 | ... W46: =$L$35 -> 90.4 | X46: =$W$46*$B$8 -> 0
M47: =$M$35 -> 117 | N47: =$M$35 -> 117 | O47: =$M$35 -> 117 | P47: =$M$35 -> 117 | Q47: =$M$35 -> 117 | R47: =$M$35 -> 117 | S47: =$M$35 -> 117 | T47: =$M$35 -> 117 | ... X47: =$M$35 -> 117
A49: Cumulative Energy Savings from EE (aMW per year) | C49: =SUM(C37:C47) -> 28.8 | D49: =SUM(D37:D47) -> 94.8 | E49: =SUM(E37:E47) -> 155.9 | F49: =SUM(F37:F47) -> 202.5 | G49: =SUM(G37:G47) -> 243.2 | H49: =SUM(H37:H47) -> 293.4 | I49: =SUM(I37:I47) -> 347.5 | J49: =SUM(J37:J47) -> 413.7 | ... X49: =SUM(X37:X47) -> 117
A50: (assuming 12 year average measure life)
A52: Cumulative Energy Savings from EE (MWh per year) | C52: =C49*8760 -> 252288 | D52: =D49*8760 -> 830448 | E52: =E49*8760 -> 1365684 | F52: =F49*8784 -> 1778760 | G52: =G49*8760 -> 2130432 | H52: =H49*8760 -> 2570184 | I52: =I49*8760 -> 3044100 | J52: =J49*8784 -> 3633940.8 | K52: =K49*8760 -> 4159248 | L52: =L49*8760 -> 4951152 | M52: =M49*8760 -> 5976072 | N52: =N49*8784 -> 5992444.8 | O52: =O49*8760 -> 5723784 | P52: =P49*8760 -> 5145624 | Q52: =Q49*8760 -> 4610388 | R52: =R49*8784 -> 4213684.8 | S52: =S49*8760 -> 3845640 | T52: =T49*8760 -> 3405888 | U52: =U49*8760 -> 2931972 | V52: =V49*8784 -> 2358504 | W52: =W49*8760 -> 1816824 | X52: =X49*8760 -> 1024920 | Y52: =SUM(C52:X52) -> 71761982 | Z52: Lifetime MWH of savings for measures installed 2001-2011
A53: (assuming 12 year average measure life)
A55: FY Average Mid-C Wholesale Price ($/MWH)
A56: (Dow Jones annual average) | C56: 192.1 | D56: 15.4 | E56: 30.8 | F56: 38.7 | G56: 39.4 | H56: 23.6 | I56: 45.4 | J56: 53.9 | K56: 20.3 | L56: 25 | M56: 16.9 | N56: 20 | O56: 25 | P56: 28 | Q56: 29 | R56: 30 | S56: 30 | T56: 30 | U56: 30 | V56: 30 | W56: 30 | X56: 30 | Z56: Assumed price of Mid-C for 2012-2022
A58: Annual Benefit (or Loss) from EE Investments
A59: Value of Energy Saved***** | C59: =(C52*C56)/1000000 -> 48.464525 | D59: =(D52*D56)/1000000 -> 12.788899 | E59: =(E52*E56)/1000000 -> 42.063067 | F59: =(F52*F56)/1000000 -> 68.838012 | G59: =(G52*G56)/1000000 -> 83.939021 | H59: =(H52*H56)/1000000 -> 60.656342 | I59: =(I52*I56)/1000000 -> 138.20214 | J59: =(J52*J56)/1000000 -> 195.86941 | ... X59: =(X52*X56)/1000000 -> 30.7476 | Y59: =SUM(C59:X59) -> 2088.6738 | Z59: Lifetime Revenue from selling power available from "EE savings" into the market at Mid-C prices
A60: Less: Annual Cost of EE Program | C60: =-C34 -> -25.492273 | D60: =-D34 -> -59.770671 | E60: =-E34 -> -68.071969 | F60: =-F34 -> -66.561018 | G60: =-G34 -> -65.701863 | H60: =-H34 -> -76.436341 | I60: =-I34 -> -74.875003 | J60: =-J34 -> -71.249726 | ... X60: =-X34 -> -19.29355 | Y60: =SUM(C60:X60) -> -1088.9991 | Z60: Total Capital, Interest & Expensed cost of EE 2001-2022 for investments made 2001 - 2011
A62: Impact on Net Revenue Due to EE Program (Nominal $ mil) | C62: =C59+C60 -> 22.972252 | D62: =D59+D60 -> -46.981772 | E62: =E59+E60 -> -26.008902 | F62: =F59+F60 -> 2.2769942 | G62: =G59+G60 -> 18.237158 | H62: =H59+H60 -> -15.779998 | I62: =I59+I60 -> 63.327137 | J62: =J59+J60 -> 124.61968 | ... X62: =X59+X60 -> 11.45405 | Y62: =SUM(C62:X62) -> 999.67464 | Z62: Lifetime Net Benefit (Cost) of EE Investments if savings permitted BPA to sell equivalent power at Mid-C prices
A64: Discount Factor | C64: =1/(1+$B$6)^(C10-$M$10) -> 1.7908477 | D64: =1/(1+$B$6)^(D10-$M$10) -> 1.689479 | E64: =1/(1+$B$6)^(E10-$M$10) -> 1.5938481 | F64: =1/(1+$B$6)^(F10-$M$10) -> 1.5036303 | G64: =1/(1+$B$6)^(G10-$M$10) -> 1.4185191 | H64: =1/(1+$B$6)^(H10-$M$10) -> 1.3382256 | I64: =1/(1+$B$6)^(I10-$M$10) -> 1.262477 | J64: =1/(1+$B$6)^(J10-$M$10) -> 1.191016 | ... X64: =1/(1+$B$6)^(X10-$M$10) -> 0.52678753
A66: Present Value Impact on Net Revenue Due to EE Program ($ mil in year 2011) | C66: =C62*C64 -> 41.139804 | D66: =D62*D64 -> -79.374716 | E66: =E62*E64 -> -41.454238 | F66: =F62*F64 -> 3.4237574 | G66: =G62*G64 -> 25.869757 | H66: =H62*H64 -> -21.117197 | I66: =I62*I64 -> 79.949051 | J66: =J62*J64 -> 148.42404 | ... X66: =X62*X64 -> 6.0338505
A68: Net Present Value Total Impact on Net Revenue Due to EE Program ($ mil in year 2011) | C68: =SUM(C66:X66) -> 812.5623
A71: Yearly Cost of EE Savings ($/MWh) | C71: =(C34*1000000)/C52 -> 101.04433 | D71: =(D34*1000000)/D52 -> 71.974009 | E71: =(E34*1000000)/E52 -> 49.844597 | F71: =(F34*1000000)/F52 -> 37.419898 | G71: =(G34*1000000)/G52 -> 30.83969 | H71: =(H34*1000000)/H52 -> 29.739638 | I71: =(I34*1000000)/I52 -> 24.596762 | J71: =(J34*1000000)/J52 -> 19.606738 | ... X71: =(X34*1000000)/X52 -> 18.824445
A75: Notes:
A76: * If the B6 is changed to reflect a different average measure life, rows 15 and 51 would need to be manually adjusted.
A77: ** For many measures, the savings “persist” as end-users likely reinstall the measure with something as efficient or better. Assuming zero percent persistence translates into savings “expiring” after 12 years. On the other hand, assuming 100 percent persistence translates into savings persisting till the end of the analysis period, i.e., 2022. See note in Companion document for more information on persistence.
A78: *** Expensed "Program Costs" includes net Federal Reimbursables, but does not include Debt Service and Legacy costs.
A79: **** For example, the $6.4 million in 2003 represents the principal and interest paid for all debt incurred from 2001 through 2003.
A80: ***** Calculated as 1) Revenue from Selling EE Savings @ Mid-C Market or 2) Avoided Cost of Purchasing EE Savings @ Mid-C

Sheet EE v Mid-C_FYQ4 Flat
A1: Energy Efficiency vs. Mid-C Analysis | Y1: 2001-2020 for Investments made through 2011
A2: (Dollar figures are nominal and in millions unless otherwise denoted)
A4: Assumptions
A5: Nominal Interest Rate | B5: 0.06
A6: Nominal Discount Rate | B6: =B5 -> 0.06
A7: Average Measure Life (years)* | B7: 12
A8: Percent of Savings Persistence** | B8: 0
A10: Fiscal Year | C10: 2001 | D10: 2002 | E10: 2003 | F10: 2004 | G10: 2005 | H10: 2006 | I10: 2007 | J10: 2008 | K10: 2009 | L10: 2010 | M10: 2011 | N10: 2012 | O10: 2013 | P10: 2014 | Q10: 2015 | R10: 2016 | S10: 2017 | T10: 2018 | U10: 2019 | V10: 2020 | W10: 2021 | X10: 2022
C11: ($ mil) | D11: ($ mil) | E11: ($ mil) | F11: ($ mil) | G11: ($ mil) | H11: ($ mil) | I11: ($ mil) | J11: ($ mil) | K11: ($ mil) | L11: ($ mil) | M11: ($ mil) | N11: ($ mil) | O11: ($ mil) | P11: ($ mil) | Q11: ($ mil) | R11: ($ mil) | S11: ($ mil) | T11: ($ mil) | U11: ($ mil) | V11: ($ mil) | W11: ($ mil) | X11: ($ mil)
A12: Capital EE Investments
A13: Amount Borrowed and Invested for EE | C13: 27.072 | D13: 0.96 | E13: 25.459 | F13: 15.348277 | G13: 14.922681 | H13: 23.713743 | I13: 3.1647565 | J13: 8.2188602 | K13: 19.182273 | L13: 55.311286 | M13: 161.75412 | N13: 0 | O13: 0 | P13: 0 | Q13: 0 | R13: 0 | S13: 0 | T13: 0 | U13: 0 | V13: 0 | W13: 0 | X13: 0 | Y13: =SUM(C13:X13) -> 355.10699 | Z13: Total Capital Cost of EE 2001 - 2011
A15: Amortization Payment (calculated using PMT function, based on amortization periods below) | B15: FY
A16: 20 | B16: 2001 | C16: =PMT($B$5,$A$16,-C13) -> 2.3602603 | D16: =C16 -> 2.3602603 | E16: =D16 -> 2.3602603 | F16: =E16 -> 2.3602603 | G16: =F16 -> 2.3602603 | H16: =G16 -> 2.3602603 | I16: =H16 -> 2.3602603 | J16: =I16 -> 2.3602603 | K16: =J16 -> 2.3602603 | ... V16: =U16 -> 2.3602603
A17: 10 | B17: 2002 | D17: =PMT($B$5,$A$17,-D13) -> 0.13043324 | E17: =D17 -> 0.13043324 | F17: =E17 -> 0.13043324 | G17: =F17 -> 0.13043324 | H17: =G17 -> 0.13043324 | I17: =H17 -> 0.13043324 | J17: =I17 -> 0.13043324 | K17: =J17 -> 0.13043324 | L17: =K17 -> 0.13043324 | M17: =L17 -> 0.13043324
A18: 9 | B18: 2003 | E18: =PMT($B$5,$A$18,-E13) -> 3.7430391 | F18: =E18 -> 3.7430391 | G18: =F18 -> 3.7430391 | H18: =G18 -> 3.7430391 | I18: =H18 -> 3.7430391 | J18: =I18 -> 3.7430391 | K18: =J18 -> 3.7430391 | L18: =K18 -> 3.7430391 | M18: =L18 -> 3.7430391
A19: 8 | B19: 2004 | F19: =PMT($B$5,$A$19,-F13) -> 2.4716242 | G19: =F19 -> 2.4716242 | H19: =G19 -> 2.4716242 | I19: =H19 -> 2.4716242 | J19: =I19 -> 2.4716242 | K19: =J19 -> 2.4716242 | L19: =K19 -> 2.4716242 | M19: =L19 -> 2.4716242
A20: 7 | B20: 2005 | G20: =PMT($B$5,$A$20,-G13) -> 2.6731748 | H20: =G20 -> 2.6731748 | I20: =H20 -> 2.6731748 | J20: =I20 -> 2.6731748 | K20: =J20 -> 2.6731748 | L20: =K20 -> 2.6731748 | M20: =L20 -> 2.6731748
A21: 6 | B21: 2006 | H21: =PMT($B$5,$A$21,-H13) -> 4.8224892 | I21: =H21 -> 4.8224892 | J21: =I21 -> 4.8224892 | K21: =J21 -> 4.8224892 | L21: =K21 -> 4.8224892 | M21: =L21 -> 4.8224892
A22: 5 | B22: 2007 | I22: =PMT($B$5,$A$22,-I13) -> 0.7513018 | J22: =I22 -> 0.7513018 | K22: =J22 -> 0.7513018 | L22: =K22 -> 0.7513018 | M22: =L22 -> 0.7513018
A23: 5 | B23: 2008 | J23: =PMT($B$5,$A$23,-J13) -> 1.9511278 | K23: =J23 -> 1.9511278 | L23: =K23 -> 1.9511278 | M23: =L23 -> 1.9511278 | N23: =M23 -> 1.9511278
A24: 5 | B24: 2009 | K24: =PMT($B$5,$A$24,-K13) -> 4.5538026 | L24: =K24 -> 4.5538026 | M24: =L24 -> 4.5538026 | N24: =M24 -> 4.5538026 | O24: =N24 -> 4.5538026
A25: 5 | B25: 2010 | L25: =PMT($B$5,$A$25,-L13) -> 13.1307 | M25: =L25 -> 13.1307 | N25: =M25 -> 13.1307 | O25: =N25 -> 13.1307 | P25: =O25 -> 13.1307
A26: 12 | B26: 2011 | M26: =PMT($B$5,$A$26,-M13) -> 19.29355 | N26: =M26 -> 19.29355 | O26: =N26 -> 19.29355 | P26: =O26 -> 19.29355 | Q26: =P26 -> 19.29355 | R26: =Q26 -> 19.29355 | S26: =R26 -> 19.29355 | T26: =S26 -> 19.29355 | U26: =T26 -> 19.29355 | ... X26: =W26 -> 19.29355
A27: EE Expenses
A28: Program Costs*** | C28: 13.051706 | D28: 48.242542 | E28: 55.546178 | F28: 50.851063 | G28: 47.193856 | H28: 52.841545 | I28: 50.905689 | J28: 44.130431 | K28: 45.20827 | L28: 52.663146 | M28: 53.74948
A29: Staff Costs | C29: 10.080307 | D29: 9.0374359 | E29: 6.2920587 | F29: 7.0045975 | G29: 7.1294753 | H29: 7.393775 | I29: 7.0169919 | J29: 8.2158451 | K29: 10.55793 | L29: 8.8698208 | M29: 9.9426776
A30: Total Expenses | C30: =SUM(C28:C29) -> 23.132013 | D30: =SUM(D28:D29) -> 57.279978 | E30: =SUM(E28:E29) -> 61.838236 | F30: =SUM(F28:F29) -> 57.855661 | G30: =SUM(G28:G29) -> 54.323332 | H30: =SUM(H28:H29) -> 60.23532 | I30: =SUM(I28:I29) -> 57.922681 | J30: =SUM(J28:J29) -> 52.346276 | ... M30: =SUM(M28:M29) -> 63.692158 | Y30: =SUM(C30:X30) -> 605.92482 | Z30: Total Expensed cost of EE 2001-2011 including Program/Staff costs
A32: EE Capital Costs
A33: Yearly Principal and Interest Paid on EE Borrowings since 2001**** | C33: =SUM(C16:C26) -> 2.3602603 | D33: =SUM(D16:D26) -> 2.4906936 | E33: =SUM(E16:E26) -> 6.2337326 | F33: =SUM(F16:F26) -> 8.7053568 | G33: =SUM(G16:G26) -> 11.378532 | H33: =SUM(H16:H26) -> 16.201021 | I33: =SUM(I16:I26) -> 16.952323 | J33: =SUM(J16:J26) -> 18.90345 | ... X33: =SUM(X16:X26) -> 19.29355 | Y33: =SUM(C33:X33) -> 483.07431 | Z33: Total Capital & Interest cost for investments in EE 2001-2022 (includes amortization of all investments 2001 - 2011)
A34: Annual Cost of EE Program | C34: =C30+C33 -> 25.492273 | D34: =D30+D33 -> 59.770671 | E34: =E30+E33 -> 68.071969 | F34: =F30+F33 -> 66.561018 | G34: =G30+G33 -> 65.701863 | H34: =H30+H33 -> 76.436341 | I34: =I30+I33 -> 74.875003 | J34: =J30+J33 -> 71.249726 | ... X34: =X30+X33 -> 19.29355
A35: BPA Booked Programmatic Savings (aMW) | C35: 28.8 | D35: 66 | E35: 61.1 | F35: 46.6 | G35: 40.7 | H35: 50.2 | I35: 54.1 | J35: 66.2 | K35: 61.1 | L35: 90.4 | M35: 117 | N35: 0 | O35: 0 | P35: 0 | Q35: 0 | R35: 0 | S35: 0 | T35: 0 | U35: 0 | V35: 0 | W35: 0 | X35: 0
A37: Annual Savings Per FY from EE | C37: =$C$35 -> 28.8 | D37: =$C$35 -> 28.8 | E37: =$C$35 -> 28.8 | F37: =$C$35 -> 28.8 | G37: =$C$35 -> 28.8 | H37: =$C$35 -> 28.8 | I37: =$C$35 -> 28.8 | J37: =$C$35 -> 28.8 | ... N37: =$C$35 -> 28.8 | O37: =$N$37*$B$8 -> 0 | P37: =$N$37*$B$8 -> 0 | Q37: =$N$37*$B$8 -> 0 | R37: =$N$37*$B$8 -> 0 | S37: =$N$37*$B$8 -> 0 | T37: =$N$37*$B$8 -> 0 | U37: =$N$37*$B$8 -> 0 | V37: =$N$37*$B$8 -> 0 | ... X37: =$N$37*$B$8 -> 0
A38: (assuming 12 year average measure life and persistence percentage) | D38: =$D$35 -> 66 | E38: =$D$35 -> 66 | F38: =$D$35 -> 66 | G38: =$D$35 -> 66 | H38: =$D$35 -> 66 | I38: =$D$35 -> 66 | J38: =$D$35 -> 66 | K38: =$D$35 -> 66 | ... O38: =$D$35 -> 66 | P38: =$O$38*$B$8 -> 0 | Q38: =$O$38*$B$8 -> 0 | R38: =$O$38*$B$8 -> 0 | S38: =$O$38*$B$8 -> 0 | T38: =$O$38*$B$8 -> 0 | U38: =$O$38*$B$8 -> 0 | V38: =$O$38*$B$8 -> 0 | W38: =$O$38*$B$8 -> 0 | X38: =$O$38*$B$8 -> 0
E39: =$E$35 -> 61.1 | F39: =$E$35 -> 61.1 | G39: =$E$35 -> 61.1 | H39: =$E$35 -> 61.1 | I39: =$E$35 -> 61.1 | J39: =$E$35 -> 61.1 | K39: =$E$35 -> 61.1 | L39: =$E$35 -> 61.1 | ... P39: =$E$35 -> 61.1 | Q39: =$P$39*$B$8 -> 0 | R39: =$P$39*$B$8 -> 0 | S39: =$P$39*$B$8 -> 0 | T39: =$P$39*$B$8 -> 0 | U39: =$P$39*$B$8 -> 0 | V39: =$P$39*$B$8 -> 0 | W39: =$P$39*$B$8 -> 0 | X39: =$P$39*$B$8 -> 0
F40: =$F$35 -> 46.6 | G40: =$F$35 -> 46.6 | H40: =$F$35 -> 46.6 | I40: =$F$35 -> 46.6 | J40: =$F$35 -> 46.6 | K40: =$F$35 -> 46.6 | L40: =$F$35 -> 46.6 | M40: =$F$35 -> 46.6 | ... Q40: =$F$35 -> 46.6 | R40: =$Q$40*$B$8 -> 0 | S40: =$Q$40*$B$8 -> 0 | T40: =$Q$40*$B$8 -> 0 | U40: =$Q$40*$B$8 -> 0 | V40: =$Q$40*$B$8 -> 0 | W40: =$Q$40*$B$8 -> 0 | X40: =$Q$40*$B$8 -> 0
G41: =$G$35 -> 40.7 | H41: =$G$35 -> 40.7 | I41: =$G$35 -> 40.7 | J41: =$G$35 -> 40.7 | K41: =$G$35 -> 40.7 | L41: =$G$35 -> 40.7 | M41: =$G$35 -> 40.7 | N41: =$G$35 -> 40.7 | ... R41: =$G$35 -> 40.7 | S41: =$R$41*$B$8 -> 0 | T41: =$R$41*$B$8 -> 0 | U41: =$R$41*$B$8 -> 0 | V41: =$R$41*$B$8 -> 0 | W41: =$R$41*$B$8 -> 0 | X41: =$R$41*$B$8 -> 0
H42: =$H$35 -> 50.2 | I42: =$H$35 -> 50.2 | J42: =$H$35 -> 50.2 | K42: =$H$35 -> 50.2 | L42: =$H$35 -> 50.2 | M42: =$H$35 -> 50.2 | N42: =$H$35 -> 50.2 | O42: =$H$35 -> 50.2 | ... S42: =$H$35 -> 50.2 | T42: =$S$42*$B$8 -> 0 | U42: =$S$42*$B$8 -> 0 | V42: =$S$42*$B$8 -> 0 | W42: =$S$42*$B$8 -> 0 | X42: =$S$42*$B$8 -> 0
I43: =$I$35 -> 54.1 | J43: =$I$35 -> 54.1 | K43: =$I$35 -> 54.1 | L43: =$I$35 -> 54.1 | M43: =$I$35 -> 54.1 | N43: =$I$35 -> 54.1 | O43: =$I$35 -> 54.1 | P43: =$I$35 -> 54.1 | ... T43: =$I$35 -> 54.1 | U43: =$T$43*$B$8 -> 0 | V43: =$T$43*$B$8 -> 0 | W43: =$T$43*$B$8 -> 0 | X43: =$T$43*$B$8 -> 0
J44: =$J$35 -> 66.2 | K44: =$J$35 -> 66.2 | L44: =$J$35 -> 66.2 | M44: =$J$35 -> 66.2 | N44: =$J$35 -> 66.2 | O44: =$J$35 -> 66.2 | P44: =$J$35 -> 66.2 | Q44: =$J$35 -> 66.2 | ... U44: =$J$35 -> 66.2 | V44: =$U$44*$B$8 -> 0 | W44: =$U$44*$B$8 -> 0 | X44: =$U$44*$B$8 -> 0
K45: =$K$35 -> 61.1 | L45: =$K$35 -> 61.1 | M45: =$K$35 -> 61.1 | N45: =$K$35 -> 61.1 | O45: =$K$35 -> 61.1 | P45: =$K$35 -> 61.1 | Q45: =$K$35 -> 61.1 | R45: =$K$35 -> 61.1 | ... V45: =$K$35 -> 61.1 | W45: =$V$45*$B$8 -> 0 | X45: =$V$45*$B$8 -> 0
L46: =$L$35 -> 90.4 | M46: =$L$35 -> 90.4 | N46: =$L$35 -> 90.4 | O46: =$L$35 -> 90.4 | P46: =$L$35 -> 90.4 | Q46: =$L$35 -> 90.4 | R46: =$L$35 -> 90.4 | S46: =$L$35 -> 90.4 | ... W46: =$L$35 -> 90.4 | X46: =$W$46*$B$8 -> 0
M47: =$M$35 -> 117 | N47: =$M$35 -> 117 | O47: =$M$35 -> 117 | P47: =$M$35 -> 117 | Q47: =$M$35 -> 117 | R47: =$M$35 -> 117 | S47: =$M$35 -> 117 | T47: =$M$35 -> 117 | ... X47: =$M$35 -> 117
A49: Cumulative Energy Savings from EE (aMW per year) | C49: =SUM(C37:C47) -> 28.8 | D49: =SUM(D37:D47) -> 94.8 | E49: =SUM(E37:E47) -> 155.9 | F49: =SUM(F37:F47) -> 202.5 | G49: =SUM(G37:G47) -> 243.2 | H49: =SUM(H37:H47) -> 293.4 | I49: =SUM(I37:I47) -> 347.5 | J49: =SUM(J37:J47) -> 413.7 | ... X49: =SUM(X37:X47) -> 117
A50: (assuming 12 year average measure life)
A52: Cumulative Energy Savings from EE (MWh per year) | C52: =C49*8760 -> 252288 | D52: =D49*8760 -> 830448 | E52: =E49*8760 -> 1365684 | F52: =F49*8784 -> 1778760 | G52: =G49*8760 -> 2130432 | H52: =H49*8760 -> 2570184 | I52: =I49*8760 -> 3044100 | J52: =J49*8784 -> 3633940.8 | K52: =K49*8760 -> 4159248 | L52: =L49*8760 -> 4951152 | M52: =M49*8760 -> 5976072 | N52: =N49*8784 -> 5992444.8 | O52: =O49*8760 -> 5723784 | P52: =P49*8760 -> 5145624 | Q52: =Q49*8760 -> 4610388 | R52: =R49*8784 -> 4213684.8 | S52: =S49*8760 -> 3845640 | T52: =T49*8760 -> 3405888 | U52: =U49*8760 -> 2931972 | V52: =V49*8784 -> 2358504 | W52: =W49*8760 -> 1816824 | X52: =X49*8760 -> 1024920 | Y52: =SUM(C52:X52) -> 71761982 | Z52: Lifetime MWH of savings for measures installed 2001-2011
A53: (assuming 12 year average measure life)
A55: FY Average Mid-C Wholesale Price ($/MWH)
A56: (Dow Jones annual average) | C56: 38.7 | D56: 17.4 | E56: 41.1 | F56: 44.3 | G56: 62.9 | H56: 54.6 | I56: 52.2 | J56: 60.9 | K56: 33 | L56: 32.8 | M56: 26.9 | N56: 20 | O56: 25 | P56: 28 | Q56: 29 | R56: 30 | S56: 30 | T56: 30 | U56: 30 | V56: 30 | W56: 30 | X56: 30 | Z56: Assumed price of Mid-C for 2012-2022
A58: Annual Benefit (or Loss) from EE Investments
A59: Value of Energy Saved***** | C59: =(C52*C56)/1000000 -> 9.7635456 | D59: =(D52*D56)/1000000 -> 14.449795 | E59: =(E52*E56)/1000000 -> 56.129612 | F59: =(F52*F56)/1000000 -> 78.799068 | G59: =(G52*G56)/1000000 -> 134.00417 | H59: =(H52*H56)/1000000 -> 140.33205 | I59: =(I52*I56)/1000000 -> 158.90202 | J59: =(J52*J56)/1000000 -> 221.30699 | ... X59: =(X52*X56)/1000000 -> 30.7476 | Y59: =SUM(C59:X59) -> 2402.7418 | Z59: Lifetime Revenue from selling power available from "EE savings" into the market at Mid-C prices
A60: Less: Annual Cost of EE Program | C60: =-C34 -> -25.492273 | D60: =-D34 -> -59.770671 | E60: =-E34 -> -68.071969 | F60: =-F34 -> -66.561018 | G60: =-G34 -> -65.701863 | H60: =-H34 -> -76.436341 | I60: =-I34 -> -74.875003 | J60: =-J34 -> -71.249726 | ... X60: =-X34 -> -19.29355 | Y60: =SUM(C60:X60) -> -1088.9991 | Z60: Total Capital, Interest & Expensed cost of EE 2001-2022 for investments made 2001 - 2011
A62: Impact on Net Revenue Due to EE Program (Nominal $ mil) | C62: =C59+C60 -> -15.728728 | D62: =D59+D60 -> -45.320876 | E62: =E59+E60 -> -11.942356 | F62: =F59+F60 -> 12.23805 | G62: =G59+G60 -> 68.30231 | H62: =H59+H60 -> 63.895706 | I62: =I59+I60 -> 84.027017 | J62: =J59+J60 -> 150.05727 | ... X62: =X59+X60 -> 11.45405 | Y62: =SUM(C62:X62) -> 1313.7426 | Z62: Lifetime Net Benefit (Cost) of EE Investments if savings permitted BPA to sell equivalent power at Mid-C prices
A64: Discount Factor | C64: =1/(1+$B$6)^(C10-$M$10) -> 1.7908477 | D64: =1/(1+$B$6)^(D10-$M$10) -> 1.689479 | E64: =1/(1+$B$6)^(E10-$M$10) -> 1.5938481 | F64: =1/(1+$B$6)^(F10-$M$10) -> 1.5036303 | G64: =1/(1+$B$6)^(G10-$M$10) -> 1.4185191 | H64: =1/(1+$B$6)^(H10-$M$10) -> 1.3382256 | I64: =1/(1+$B$6)^(I10-$M$10) -> 1.262477 | J64: =1/(1+$B$6)^(J10-$M$10) -> 1.191016 | ... X64: =1/(1+$B$6)^(X10-$M$10) -> 0.52678753
A66: Present Value Impact on Net Revenue Due to EE Program ($ mil in year 2011) | C66: =C62*C64 -> -28.167755 | D66: =D62*D64 -> -76.568667 | E66: =E62*E64 -> -19.034302 | F66: =F62*F64 -> 18.401503 | G66: =G62*G64 -> 96.888132 | H66: =H62*H64 -> 85.506868 | I66: =I62*I64 -> 106.08217 | J66: =J62*J64 -> 178.72061 | ... X66: =X62*X64 -> 6.0338505
A68: Net Present Value Total Impact on Net Revenue Due to EE Program ($ mil in year 2011) | C68: =SUM(C66:X66) -> 1177.5788
A71: Yearly Cost of EE Savings ($/MWh) | C71: =(C34*1000000)/C52 -> 101.04433 | D71: =(D34*1000000)/D52 -> 71.974009 | E71: =(E34*1000000)/E52 -> 49.844597 | F71: =(F34*1000000)/F52 -> 37.419898 | G71: =(G34*1000000)/G52 -> 30.83969 | H71: =(H34*1000000)/H52 -> 29.739638 | I71: =(I34*1000000)/I52 -> 24.596762 | J71: =(J34*1000000)/J52 -> 19.606738 | ... X71: =(X34*1000000)/X52 -> 18.824445
A75: Notes:
A76: * If the B6 is changed to reflect a different average measure life, rows 15 and 51 would need to be manually adjusted.
A77: ** For many measures, the savings “persist” as end-users likely reinstall the measure with something as efficient or better. Assuming zero percent persistence translates into savings “expiring” after 12 years. On the other hand, assuming 100 percent persistence translates into savings persisting till the end of the analysis period, i.e., 2022. See note in Companion document for more information on persistence.
A78: *** Expensed "Program Costs" includes net Federal Reimbursables, but does not include Debt Service and Legacy costs.
A79: **** For example, the $6.4 million in 2003 represents the principal and interest paid for all debt incurred from 2001 through 2003.
A80: ***** Calculated as 1) Revenue from Selling EE Savings @ Mid-C Market or 2) Avoided Cost of Purchasing EE Savings @ Mid-C

Sheet EE v Mid-C_High
A1: Energy Efficiency vs. Mid-C Analysis | Y1: 2001-2020 for Investments made through 2011
A2: (Dollar figures are nominal and in millions unless otherwise denoted)
A4: Assumptions
A5: Nominal Interest Rate | B5: 0.06
A6: Nominal Discount Rate | B6: =B5 -> 0.06
A7: Average Measure Life (years)* | B7: 12
A8: Percent of Savings Persistence** | B8: 0
A10: Fiscal Year | C10: 2001 | D10: 2002 | E10: 2003 | F10: 2004 | G10: 2005 | H10: 2006 | I10: 2007 | J10: 2008 | K10: 2009 | L10: 2010 | M10: 2011 | N10: 2012 | O10: 2013 | P10: 2014 | Q10: 2015 | R10: 2016 | S10: 2017 | T10: 2018 | U10: 2019 | V10: 2020 | W10: 2021 | X10: 2022
C11: ($ mil) | D11: ($ mil) | E11: ($ mil) | F11: ($ mil) | G11: ($ mil) | H11: ($ mil) | I11: ($ mil) | J11: ($ mil) | K11: ($ mil) | L11: ($ mil) | M11: ($ mil) | N11: ($ mil) | O11: ($ mil) | P11: ($ mil) | Q11: ($ mil) | R11: ($ mil) | S11: ($ mil) | T11: ($ mil) | U11: ($ mil) | V11: ($ mil) | W11: ($ mil) | X11: ($ mil)
A12: Capital EE Investments
A13: Amount Borrowed and Invested for EE | C13: 27.072 | D13: 0.96 | E13: 25.459 | F13: 15.348277 | G13: 14.922681 | H13: 23.713743 | I13: 3.1647565 | J13: 8.2188602 | K13: 19.182273 | L13: 55.311286 | M13: 161.75412 | N13: 0 | O13: 0 | P13: 0 | Q13: 0 | R13: 0 | S13: 0 | T13: 0 | U13: 0 | V13: 0 | W13: 0 | X13: 0 | Y13: =SUM(C13:X13) -> 355.10699 | Z13: Total Capital Cost of EE 2001 - 2011
A15: Amortization Payment (calculated using PMT function, based on amortization periods below) | B15: FY
A16: 20 | B16: 2001 | C16: =PMT($B$5,$A$16,-C13) -> 2.3602603 | D16: =C16 -> 2.3602603 | E16: =D16 -> 2.3602603 | F16: =E16 -> 2.3602603 | G16: =F16 -> 2.3602603 | H16: =G16 -> 2.3602603 | I16: =H16 -> 2.3602603 | J16: =I16 -> 2.3602603 | K16: =J16 -> 2.3602603 | ... V16: =U16 -> 2.3602603
A17: 10 | B17: 2002 | D17: =PMT($B$5,$A$17,-D13) -> 0.13043324 | E17: =D17 -> 0.13043324 | F17: =E17 -> 0.13043324 | G17: =F17 -> 0.13043324 | H17: =G17 -> 0.13043324 | I17: =H17 -> 0.13043324 | J17: =I17 -> 0.13043324 | K17: =J17 -> 0.13043324 | L17: =K17 -> 0.13043324 | M17: =L17 -> 0.13043324
A18: 9 | B18: 2003 | E18: =PMT($B$5,$A$18,-E13) -> 3.7430391 | F18: =E18 -> 3.7430391 | G18: =F18 -> 3.7430391 | H18: =G18 -> 3.7430391 | I18: =H18 -> 3.7430391 | J18: =I18 -> 3.7430391 | K18: =J18 -> 3.7430391 | L18: =K18 -> 3.7430391 | M18: =L18 -> 3.7430391
A19: 8 | B19: 2004 | F19: =PMT($B$5,$A$19,-F13) -> 2.4716242 | G19: =F19 -> 2.4716242 | H19: =G19 -> 2.4716242 | I19: =H19 -> 2.4716242 | J19: =I19 -> 2.4716242 | K19: =J19 -> 2.4716242 | L19: =K19 -> 2.4716242 | M19: =L19 -> 2.4716242
A20: 7 | B20: 2005 | G20: =PMT($B$5,$A$20,-G13) -> 2.6731748 | H20: =G20 -> 2.6731748 | I20: =H20 -> 2.6731748 | J20: =I20 -> 2.6731748 | K20: =J20 -> 2.6731748 | L20: =K20 -> 2.6731748 | M20: =L20 -> 2.6731748
A21: 6 | B21: 2006 | H21: =PMT($B$5,$A$21,-H13) -> 4.8224892 | I21: =H21 -> 4.8224892 | J21: =I21 -> 4.8224892 | K21: =J21 -> 4.8224892 | L21: =K21 -> 4.8224892 | M21: =L21 -> 4.8224892
A22: 5 | B22: 2007 | I22: =PMT($B$5,$A$22,-I13) -> 0.7513018 | J22: =I22 -> 0.7513018 | K22: =J22 -> 0.7513018 | L22: =K22 -> 0.7513018 | M22: =L22 -> 0.7513018
A23: 5 | B23: 2008 | J23: =PMT($B$5,$A$23,-J13) -> 1.9511278 | K23: =J23 -> 1.9511278 | L23: =K23 -> 1.9511278 | M23: =L23 -> 1.9511278 | N23: =M23 -> 1.9511278
A24: 5 | B24: 2009 | K24: =PMT($B$5,$A$24,-K13) -> 4.5538026 | L24: =K24 -> 4.5538026 | M24: =L24 -> 4.5538026 | N24: =M24 -> 4.5538026 | O24: =N24 -> 4.5538026
A25: 5 | B25: 2010 | L25: =PMT($B$5,$A$25,-L13) -> 13.1307 | M25: =L25 -> 13.1307 | N25: =M25 -> 13.1307 | O25: =N25 -> 13.1307 | P25: =O25 -> 13.1307
A26: 12 | B26: 2011 | M26: =PMT($B$5,$A$26,-M13) -> 19.29355 | N26: =M26 -> 19.29355 | O26: =N26 -> 19.29355 | P26: =O26 -> 19.29355 | Q26: =P26 -> 19.29355 | R26: =Q26 -> 19.29355 | S26: =R26 -> 19.29355 | T26: =S26 -> 19.29355 | U26: =T26 -> 19.29355 | ... X26: =W26 -> 19.29355
A27: EE Expenses
A28: Program Costs*** | C28: 13.051706 | D28: 48.242542 | E28: 55.546178 | F28: 50.851063 | G28: 47.193856 | H28: 52.841545 | I28: 50.905689 | J28: 44.130431 | K28: 45.20827 | L28: 52.663146 | M28: 53.74948
A29: Staff Costs | C29: 10.080307 | D29: 9.0374359 | E29: 6.2920587 | F29: 7.0045975 | G29: 7.1294753 | H29: 7.393775 | I29: 7.0169919 | J29: 8.2158451 | K29: 10.55793 | L29: 8.8698208 | M29: 9.9426776
A30: Total Expenses | C30: =SUM(C28:C29) -> 23.132013 | D30: =SUM(D28:D29) -> 57.279978 | E30: =SUM(E28:E29) -> 61.838236 | F30: =SUM(F28:F29) -> 57.855661 | G30: =SUM(G28:G29) -> 54.323332 | H30: =SUM(H28:H29) -> 60.23532 | I30: =SUM(I28:I29) -> 57.922681 | J30: =SUM(J28:J29) -> 52.346276 | ... M30: =SUM(M28:M29) -> 63.692158 | Y30: =SUM(C30:X30) -> 605.92482 | Z30: Total Expensed cost of EE 2001-2011 including Program/Staff costs
A32: EE Capital Costs
A33: Yearly Principal and Interest Paid on EE Borrowings since 2001**** | C33: =SUM(C16:C26) -> 2.3602603 | D33: =SUM(D16:D26) -> 2.4906936 | E33: =SUM(E16:E26) -> 6.2337326 | F33: =SUM(F16:F26) -> 8.7053568 | G33: =SUM(G16:G26) -> 11.378532 | H33: =SUM(H16:H26) -> 16.201021 | I33: =SUM(I16:I26) -> 16.952323 | J33: =SUM(J16:J26) -> 18.90345 | ... X33: =SUM(X16:X26) -> 19.29355 | Y33: =SUM(C33:X33) -> 483.07431 | Z33: Total Capital & Interest cost for investments in EE 2001-2022 (includes amortization of all investments 2001 - 2011)
A34: Annual Cost of EE Program | C34: =C30+C33 -> 25.492273 | D34: =D30+D33 -> 59.770671 | E34: =E30+E33 -> 68.071969 | F34: =F30+F33 -> 66.561018 | G34: =G30+G33 -> 65.701863 | H34: =H30+H33 -> 76.436341 | I34: =I30+I33 -> 74.875003 | J34: =J30+J33 -> 71.249726 | ... X34: =X30+X33 -> 19.29355
A35: BPA Booked Programmatic Savings (aMW) | C35: 28.8 | D35: 66 | E35: 61.1 | F35: 46.6 | G35: 40.7 | H35: 50.2 | I35: 54.1 | J35: 66.2 | K35: 61.1 | L35: 90.4 | M35: 117 | N35: 0 | O35: 0 | P35: 0 | Q35: 0 | R35: 0 | S35: 0 | T35: 0 | U35: 0 | V35: 0 | W35: 0 | X35: 0
A37: Annual Savings Per FY from EE | C37: =$C$35 -> 28.8 | D37: =$C$35 -> 28.8 | E37: =$C$35 -> 28.8 | F37: =$C$35 -> 28.8 | G37: =$C$35 -> 28.8 | H37: =$C$35 -> 28.8 | I37: =$C$35 -> 28.8 | J37: =$C$35 -> 28.8 | ... N37: =$C$35 -> 28.8 | O37: =$N$37*$B$8 -> 0 | P37: =$N$37*$B$8 -> 0 | Q37: =$N$37*$B$8 -> 0 | R37: =$N$37*$B$8 -> 0 | S37: =$N$37*$B$8 -> 0 | T37: =$N$37*$B$8 -> 0 | U37: =$N$37*$B$8 -> 0 | V37: =$N$37*$B$8 -> 0 | ... X37: =$N$37*$B$8 -> 0
A38: (assuming 12 year average measure life and persistence percentage) | D38: =$D$35 -> 66 | E38: =$D$35 -> 66 | F38: =$D$35 -> 66 | G38: =$D$35 -> 66 | H38: =$D$35 -> 66 | I38: =$D$35 -> 66 | J38: =$D$35 -> 66 | K38: =$D$35 -> 66 | ... O38: =$D$35 -> 66 | P38: =$O$38*$B$8 -> 0 | Q38: =$O$38*$B$8 -> 0 | R38: =$O$38*$B$8 -> 0 | S38: =$O$38*$B$8 -> 0 | T38: =$O$38*$B$8 -> 0 | U38: =$O$38*$B$8 -> 0 | V38: =$O$38*$B$8 -> 0 | W38: =$O$38*$B$8 -> 0 | X38: =$O$38*$B$8 -> 0
E39: =$E$35 -> 61.1 | F39: =$E$35 -> 61.1 | G39: =$E$35 -> 61.1 | H39: =$E$35 -> 61.1 | I39: =$E$35 -> 61.1 | J39: =$E$35 -> 61.1 | K39: =$E$35 -> 61.1 | L39: =$E$35 -> 61.1 | ... P39: =$E$35 -> 61.1 | Q39: =$P$39*$B$8 -> 0 | R39: =$P$39*$B$8 -> 0 | S39: =$P$39*$B$8 -> 0 | T39: =$P$39*$B$8 -> 0 | U39: =$P$39*$B$8 -> 0 | V39: =$P$39*$B$8 -> 0 | W39: =$P$39*$B$8 -> 0 | X39: =$P$39*$B$8 -> 0
F40: =$F$35 -> 46.6 | G40: =$F$35 -> 46.6 | H40: =$F$35 -> 46.6 | I40: =$F$35 -> 46.6 | J40: =$F$35 -> 46.6 | K40: =$F$35 -> 46.6 | L40: =$F$35 -> 46.6 | M40: =$F$35 -> 46.6 | ... Q40: =$F$35 -> 46.6 | R40: =$Q$40*$B$8 -> 0 | S40: =$Q$40*$B$8 -> 0 | T40: =$Q$40*$B$8 -> 0 | U40: =$Q$40*$B$8 -> 0 | V40: =$Q$40*$B$8 -> 0 | W40: =$Q$40*$B$8 -> 0 | X40: =$Q$40*$B$8 -> 0
G41: =$G$35 -> 40.7 | H41: =$G$35 -> 40.7 | I41: =$G$35 -> 40.7 | J41: =$G$35 -> 40.7 | K41: =$G$35 -> 40.7 | L41: =$G$35 -> 40.7 | M41: =$G$35 -> 40.7 | N41: =$G$35 -> 40.7 | ... R41: =$G$35 -> 40.7 | S41: =$R$41*$B$8 -> 0 | T41: =$R$41*$B$8 -> 0 | U41: =$R$41*$B$8 -> 0 | V41: =$R$41*$B$8 -> 0 | W41: =$R$41*$B$8 -> 0 | X41: =$R$41*$B$8 -> 0
H42: =$H$35 -> 50.2 | I42: =$H$35 -> 50.2 | J42: =$H$35 -> 50.2 | K42: =$H$35 -> 50.2 | L42: =$H$35 -> 50.2 | M42: =$H$35 -> 50.2 | N42: =$H$35 -> 50.2 | O42: =$H$35 -> 50.2 | ... S42: =$H$35 -> 50.2 | T42: =$S$42*$B$8 -> 0 | U42: =$S$42*$B$8 -> 0 | V42: =$S$42*$B$8 -> 0 | W42: =$S$42*$B$8 -> 0 | X42: =$S$42*$B$8 -> 0
I43: =$I$35 -> 54.1 | J43: =$I$35 -> 54.1 | K43: =$I$35 -> 54.1 | L43: =$I$35 -> 54.1 | M43: =$I$35 -> 54.1 | N43: =$I$35 -> 54.1 | O43: =$I$35 -> 54.1 | P43: =$I$35 -> 54.1 | ... T43: =$I$35 -> 54.1 | U43: =$T$43*$B$8 -> 0 | V43: =$T$43*$B$8 -> 0 | W43: =$T$43*$B$8 -> 0 | X43: =$T$43*$B$8 -> 0
J44: =$J$35 -> 66.2 | K44: =$J$35 -> 66.2 | L44: =$J$35 -> 66.2 | M44: =$J$35 -> 66.2 | N44: =$J$35 -> 66.2 | O44: =$J$35 -> 66.2 | P44: =$J$35 -> 66.2 | Q44: =$J$35 -> 66.2 | ... U44: =$J$35 -> 66.2 | V44: =$U$44*$B$8 -> 0 | W44: =$U$44*$B$8 -> 0 | X44: =$U$44*$B$8 -> 0
K45: =$K$35 -> 61.1 | L45: =$K$35 -> 61.1 | M45: =$K$35 -> 61.1 | N45: =$K$35 -> 61.1 | O45: =$K$35 -> 61.1 | P45: =$K$35 -> 61.1 | Q45: =$K$35 -> 61.1 | R45: =$K$35 -> 61.1 | ... V45: =$K$35 -> 61.1 | W45: =$V$45*$B$8 -> 0 | X45: =$V$45*$B$8 -> 0
L46: =$L$35 -> 90.4 | M46: =$L$35 -> 90.4 | N46: =$L$35 -> 90.4 | O46: =$L$35 -> 90.4 | P46: =$L$35 -> 90.4 | Q46: =$L$35 -> 90.4 | R46: =$L$35 -> 90.4 | S46: =$L$35 -> 90.4 | ... W46: =$L$35 -> 90.4 | X46: =$W$46*$B$8 -> 0
M47: =$M$35 -> 117 | N47: =$M$35 -> 117 | O47: =$M$35 -> 117 | P47: =$M$35 -> 117 | Q47: =$M$35 -> 117 | R47: =$M$35 -> 117 | S47: =$M$35 -> 117 | T47: =$M$35 -> 117 | ... X47: =$M$35 -> 117
A49: Cumulative Energy Savings from EE (aMW per year) | C49: =SUM(C37:C47) -> 28.8 | D49: =SUM(D37:D47) -> 94.8 | E49: =SUM(E37:E47) -> 155.9 | F49: =SUM(F37:F47) -> 202.5 | G49: =SUM(G37:G47) -> 243.2 | H49: =SUM(H37:H47) -> 293.4 | I49: =SUM(I37:I47) -> 347.5 | J49: =SUM(J37:J47) -> 413.7 | ... X49: =SUM(X37:X47) -> 117
A50: (assuming 12 year average measure life)
A52: Cumulative Energy Savings from EE (MWh per year) | C52: =C49*8760 -> 252288 | D52: =D49*8760 -> 830448 | E52: =E49*8760 -> 1365684 | F52: =F49*8784 -> 1778760 | G52: =G49*8760 -> 2130432 | H52: =H49*8760 -> 2570184 | I52: =I49*8760 -> 3044100 | J52: =J49*8784 -> 3633940.8 | K52: =K49*8760 -> 4159248 | L52: =L49*8760 -> 4951152 | M52: =M49*8760 -> 5976072 | N52: =N49*8784 -> 5992444.8 | O52: =O49*8760 -> 5723784 | P52: =P49*8760 -> 5145624 | Q52: =Q49*8760 -> 4610388 | R52: =R49*8784 -> 4213684.8 | S52: =S49*8760 -> 3845640 | T52: =T49*8760 -> 3405888 | U52: =U49*8760 -> 2931972 | V52: =V49*8784 -> 2358504 | W52: =W49*8760 -> 1816824 | X52: =X49*8760 -> 1024920 | Y52: =SUM(C52:X52) -> 71761982 | Z52: Lifetime MWH of savings for measures installed 2001-2011
A53: (assuming 12 year average measure life)
A55: FY Average Mid-C Wholesale Price ($/MWH)
A56: (Dow Jones annual average) | C56: 189.1 | D56: 20.3 | E56: 36.9 | F56: 40 | G56: 48.9 | H56: 53.1 | I56: 49.9 | J56: 61.4 | K56: 34.9 | L56: 35.3 | M56: 24.5 | N56: 20 | O56: 25 | P56: 28 | Q56: 40.5 | R56: 40.5 | S56: 40.5 | T56: 40.5 | U56: 40.5 | V56: 40.5 | W56: 40.5 | X56: 40.5 | Z56: Assumed price of Mid-C for 2012-2022
A58: Annual Benefit (or Loss) from EE Investments
A59: Value of Energy Saved***** | C59: =(C52*C56)/1000000 -> 47.707661 | D59: =(D52*D56)/1000000 -> 16.858094 | E59: =(E52*E56)/1000000 -> 50.39374 | F59: =(F52*F56)/1000000 -> 71.1504 | G59: =(G52*G56)/1000000 -> 104.17812 | H59: =(H52*H56)/1000000 -> 136.47677 | I59: =(I52*I56)/1000000 -> 151.90059 | J59: =(J52*J56)/1000000 -> 223.12397 | ... X59: =(X52*X56)/1000000 -> 41.50926 | Y59: =SUM(C59:X59) -> 2655.5742 | Z59: Lifetime Revenue from selling power available from "EE savings" into the market at Mid-C prices
A60: Less: Annual Cost of EE Program | C60: =-C34 -> -25.492273 | D60: =-D34 -> -59.770671 | E60: =-E34 -> -68.071969 | F60: =-F34 -> -66.561018 | G60: =-G34 -> -65.701863 | H60: =-H34 -> -76.436341 | I60: =-I34 -> -74.875003 | J60: =-J34 -> -71.249726 | ... X60: =-X34 -> -19.29355 | Y60: =SUM(C60:X60) -> -1088.9991 | Z60: Total Capital, Interest & Expensed cost of EE 2001-2022 for investments made 2001 - 2011
A62: Impact on Net Revenue Due to EE Program (Nominal $ mil) | C62: =C59+C60 -> 22.215388 | D62: =D59+D60 -> -42.912577 | E62: =E59+E60 -> -17.678229 | F62: =F59+F60 -> 4.5893822 | G62: =G59+G60 -> 38.476262 | H62: =H59+H60 -> 60.04043 | I62: =I59+I60 -> 77.025587 | J62: =J59+J60 -> 151.87424 | ... X62: =X59+X60 -> 22.21571 | Y62: =SUM(C62:X62) -> 1566.5751 | Z62: Lifetime Net Benefit (Cost) of EE Investments if savings permitted BPA to sell equivalent power at Mid-C prices
A64: Discount Factor | C64: =1/(1+$B$6)^(C10-$M$10) -> 1.7908477 | D64: =1/(1+$B$6)^(D10-$M$10) -> 1.689479 | E64: =1/(1+$B$6)^(E10-$M$10) -> 1.5938481 | F64: =1/(1+$B$6)^(F10-$M$10) -> 1.5036303 | G64: =1/(1+$B$6)^(G10-$M$10) -> 1.4185191 | H64: =1/(1+$B$6)^(H10-$M$10) -> 1.3382256 | I64: =1/(1+$B$6)^(I10-$M$10) -> 1.262477 | J64: =1/(1+$B$6)^(J10-$M$10) -> 1.191016 | ... X64: =1/(1+$B$6)^(X10-$M$10) -> 0.52678753
A66: Present Value Impact on Net Revenue Due to EE Program ($ mil in year 2011) | C66: =C62*C64 -> 39.784376 | D66: =D62*D64 -> -72.499896 | E66: =E62*E64 -> -28.176412 | F66: =F62*F64 -> 6.900734 | G66: =G62*G64 -> 54.579312 | H66: =H62*H64 -> 80.347639 | I66: =I62*I64 -> 97.243028 | J66: =J62*J64 -> 180.88465 | ... X66: =X62*X64 -> 11.702959
A68: Net Present Value Total Impact on Net Revenue Due to EE Program ($ mil in year 2011) | C68: =SUM(C66:X66) -> 1360.0729
A71: Yearly Cost of EE Savings ($/MWh) | C71: =(C34*1000000)/C52 -> 101.04433 | D71: =(D34*1000000)/D52 -> 71.974009 | E71: =(E34*1000000)/E52 -> 49.844597 | F71: =(F34*1000000)/F52 -> 37.419898 | G71: =(G34*1000000)/G52 -> 30.83969 | H71: =(H34*1000000)/H52 -> 29.739638 | I71: =(I34*1000000)/I52 -> 24.596762 | J71: =(J34*1000000)/J52 -> 19.606738 | ... X71: =(X34*1000000)/X52 -> 18.824445
A75: Notes:
A76: * If the B6 is changed to reflect a different average measure life, rows 15 and 51 would need to be manually adjusted.
A77: ** For many measures, the savings “persist” as end-users likely reinstall the measure with something as efficient or better. Assuming zero percent persistence translates into savings “expiring” after 12 years. On the other hand, assuming 100 percent persistence translates into savings persisting till the end of the analysis period, i.e., 2022. See note in Companion document for more information on persistence.
A78: *** Expensed "Program Costs" includes net Federal Reimbursables, but does not include Debt Service and Legacy costs.
A79: **** For example, the $6.4 million in 2003 represents the principal and interest paid for all debt incurred from 2001 through 2003.
A80: ***** Calculated as 1) Revenue from Selling EE Savings @ Mid-C Market or 2) Avoided Cost of Purchasing EE Savings @ Mid-C

Sheet EE v Mid-C_Low
A1: Energy Efficiency vs. Mid-C Analysis | Y1: 2001-2020 for Investments made through 2011
A2: (Dollar figures are nominal and in millions unless otherwise denoted)
A4: Assumptions
A5: Nominal Interest Rate | B5: 0.12
A6: Nominal Discount Rate | B6: 0.06
A7: Average Measure Life (years)* | B7: 10
A8: Percent of Savings Persistence** | B8: 0
A10: Fiscal Year | C10: 2001 | D10: 2002 | E10: 2003 | F10: 2004 | G10: 2005 | H10: 2006 | I10: 2007 | J10: 2008 | K10: 2009 | L10: 2010 | M10: 2011 | N10: 2012 | O10: 2013 | P10: 2014 | Q10: 2015 | R10: 2016 | S10: 2017 | T10: 2018 | U10: 2019 | V10: 2020 | W10: 2021 | X10: 2022
C11: ($ mil) | D11: ($ mil) | E11: ($ mil) | F11: ($ mil) | G11: ($ mil) | H11: ($ mil) | I11: ($ mil) | J11: ($ mil) | K11: ($ mil) | L11: ($ mil) | M11: ($ mil) | N11: ($ mil) | O11: ($ mil) | P11: ($ mil) | Q11: ($ mil) | R11: ($ mil) | S11: ($ mil) | T11: ($ mil) | U11: ($ mil) | V11: ($ mil) | W11: ($ mil) | X11: ($ mil)
A12: Capital EE Investments
A13: Amount Borrowed and Invested for EE | C13: 27.072 | D13: 0.96 | E13: 25.459 | F13: 15.348277 | G13: 14.922681 | H13: 23.713743 | I13: 3.1647565 | J13: 8.2188602 | K13: 19.182273 | L13: 55.311286 | M13: 161.75412 | N13: 0 | O13: 0 | P13: 0 | Q13: 0 | R13: 0 | S13: 0 | T13: 0 | U13: 0 | V13: 0 | W13: 0 | X13: 0 | Y13: =SUM(C13:X13) -> 355.10699 | Z13: Total Capital Cost of EE 2001 - 2011
A15: Amortization Payment (calculated using PMT function, based on amortization periods below) | B15: FY
A16: 20 | B16: 2001 | C16: =PMT($B$5,$A$16,-C13) -> 3.6243663 | D16: =C16 -> 3.6243663 | E16: =D16 -> 3.6243663 | F16: =E16 -> 3.6243663 | G16: =F16 -> 3.6243663 | H16: =G16 -> 3.6243663 | I16: =H16 -> 3.6243663 | J16: =I16 -> 3.6243663 | K16: =J16 -> 3.6243663 | ... V16: =U16 -> 3.6243663
A17: 10 | B17: 2002 | D17: =PMT($B$5,$A$17,-D13) -> 0.1699048 | E17: =D17 -> 0.1699048 | F17: =E17 -> 0.1699048 | G17: =F17 -> 0.1699048 | H17: =G17 -> 0.1699048 | I17: =H17 -> 0.1699048 | J17: =I17 -> 0.1699048 | K17: =J17 -> 0.1699048 | L17: =K17 -> 0.1699048 | M17: =L17 -> 0.1699048
A18: 9 | B18: 2003 | E18: =PMT($B$5,$A$18,-E13) -> 4.7781168 | F18: =E18 -> 4.7781168 | G18: =F18 -> 4.7781168 | H18: =G18 -> 4.7781168 | I18: =H18 -> 4.7781168 | J18: =I18 -> 4.7781168 | K18: =J18 -> 4.7781168 | L18: =K18 -> 4.7781168 | M18: =L18 -> 4.7781168
A19: 8 | B19: 2004 | F19: =PMT($B$5,$A$19,-F13) -> 3.0896517 | G19: =F19 -> 3.0896517 | H19: =G19 -> 3.0896517 | I19: =H19 -> 3.0896517 | J19: =I19 -> 3.0896517 | K19: =J19 -> 3.0896517 | L19: =K19 -> 3.0896517 | M19: =L19 -> 3.0896517
A20: 7 | B20: 2005 | G20: =PMT($B$5,$A$20,-G13) -> 3.2698241 | H20: =G20 -> 3.2698241 | I20: =H20 -> 3.2698241 | J20: =I20 -> 3.2698241 | K20: =J20 -> 3.2698241 | L20: =K20 -> 3.2698241 | M20: =L20 -> 3.2698241
A21: 6 | B21: 2006 | H21: =PMT($B$5,$A$21,-H13) -> 5.7677922 | I21: =H21 -> 5.7677922 | J21: =I21 -> 5.7677922 | K21: =J21 -> 5.7677922 | L21: =K21 -> 5.7677922 | M21: =L21 -> 5.7677922
A22: 5 | B22: 2007 | I22: =PMT($B$5,$A$22,-I13) -> 0.87793426 | J22: =I22 -> 0.87793426 | K22: =J22 -> 0.87793426 | L22: =K22 -> 0.87793426 | M22: =L22 -> 0.87793426
A23: 5 | B23: 2008 | J23: =PMT($B$5,$A$23,-J13) -> 2.2799918 | K23: =J23 -> 2.2799918 | L23: =K23 -> 2.2799918 | M23: =L23 -> 2.2799918 | N23: =M23 -> 2.2799918
A24: 5 | B24: 2009 | K24: =PMT($B$5,$A$24,-K13) -> 5.3213493 | L24: =K24 -> 5.3213493 | M24: =L24 -> 5.3213493 | N24: =M24 -> 5.3213493 | O24: =N24 -> 5.3213493
A25: 5 | B25: 2010 | L25: =PMT($B$5,$A$25,-L13) -> 15.343889 | M25: =L25 -> 15.343889 | N25: =M25 -> 15.343889 | O25: =N25 -> 15.343889 | P25: =O25 -> 15.343889
A26: 12 | B26: 2011 | M26: =PMT($B$5,$A$26,-M13) -> 26.113068 | N26: =M26 -> 26.113068 | O26: =N26 -> 26.113068 | P26: =O26 -> 26.113068 | Q26: =P26 -> 26.113068 | R26: =Q26 -> 26.113068 | S26: =R26 -> 26.113068 | T26: =S26 -> 26.113068 | U26: =T26 -> 26.113068 | ... X26: =W26 -> 26.113068
A27: EE Expenses
A28: Program Costs*** | C28: 13.051706 | D28: 48.242542 | E28: 55.546178 | F28: 50.851063 | G28: 47.193856 | H28: 52.841545 | I28: 50.905689 | J28: 44.130431 | K28: 45.20827 | L28: 52.663146 | M28: 53.74948
A29: Staff Costs | C29: 10.080307 | D29: 9.0374359 | E29: 6.2920587 | F29: 7.0045975 | G29: 7.1294753 | H29: 7.393775 | I29: 7.0169919 | J29: 8.2158451 | K29: 10.55793 | L29: 8.8698208 | M29: 9.9426776
A30: Total Expenses | C30: =SUM(C28:C29) -> 23.132013 | D30: =SUM(D28:D29) -> 57.279978 | E30: =SUM(E28:E29) -> 61.838236 | F30: =SUM(F28:F29) -> 57.855661 | G30: =SUM(G28:G29) -> 54.323332 | H30: =SUM(H28:H29) -> 60.23532 | I30: =SUM(I28:I29) -> 57.922681 | J30: =SUM(J28:J29) -> 52.346276 | ... M30: =SUM(M28:M29) -> 63.692158 | Y30: =SUM(C30:X30) -> 605.92482 | Z30: Total Expensed cost of EE 2001-2011 including Program/Staff costs
A32: EE Capital Costs
A33: Yearly Principal and Interest Paid on EE Borrowings since 2001**** | C33: =SUM(C16:C26) -> 3.6243663 | D33: =SUM(D16:D26) -> 3.7942711 | E33: =SUM(E16:E26) -> 8.572388 | F33: =SUM(F16:F26) -> 11.66204 | G33: =SUM(G16:G26) -> 14.931864 | H33: =SUM(H16:H26) -> 20.699656 | I33: =SUM(I16:I26) -> 21.57759 | J33: =SUM(J16:J26) -> 23.857582 | ... X33: =SUM(X16:X26) -> 26.113068 | Y33: =SUM(C33:X33) -> 631.8748 | Z33: Total Capital & Interest cost for investments in EE 2001-2022 (includes amortization of all investments 2001 - 2011)
A34: Annual Cost of EE Program | C34: =C30+C33 -> 26.756379 | D34: =D30+D33 -> 61.074249 | E34: =E30+E33 -> 70.410624 | F34: =F30+F33 -> 69.517701 | G34: =G30+G33 -> 69.255195 | H34: =H30+H33 -> 80.934976 | I34: =I30+I33 -> 79.500271 | J34: =J30+J33 -> 76.203858 | ... X34: =X30+X33 -> 26.113068
A35: BPA Booked Programmatic Savings (aMW) | C35: 28.8 | D35: 66 | E35: 61.1 | F35: 46.6 | G35: 40.7 | H35: 50.2 | I35: 54.1 | J35: 66.2 | K35: 61.1 | L35: 90.4 | M35: 117 | N35: 0 | O35: 0 | P35: 0 | Q35: 0 | R35: 0 | S35: 0 | T35: 0 | U35: 0 | V35: 0 | W35: 0 | X35: 0
A37: Annual Savings Per FY from EE | C37: =$C$35 -> 28.8 | D37: =$C$35 -> 28.8 | E37: =$C$35 -> 28.8 | F37: =$C$35 -> 28.8 | G37: =$C$35 -> 28.8 | H37: =$C$35 -> 28.8 | I37: =$C$35 -> 28.8 | J37: =$C$35 -> 28.8 | ... L37: =$C$35 -> 28.8 | M37: =$L$37*$B$8 -> 0 | N37: =$L$37*$B$8 -> 0 | O37: =$L$37*$B$8 -> 0 | P37: =$L$37*$B$8 -> 0 | Q37: =$L$37*$B$8 -> 0 | R37: =$L$37*$B$8 -> 0 | S37: =$L$37*$B$8 -> 0 | T37: =$L$37*$B$8 -> 0 | ... X37: =$L$37*$B$8 -> 0
A38: (assuming 10 year average measure life and persistence percentage) | D38: =$D$35 -> 66 | E38: =$D$35 -> 66 | F38: =$D$35 -> 66 | G38: =$D$35 -> 66 | H38: =$D$35 -> 66 | I38: =$D$35 -> 66 | J38: =$D$35 -> 66 | K38: =$D$35 -> 66 | ... M38: =$D$35 -> 66 | N38: =$M$38*$B$8 -> 0 | O38: =$M$38*$B$8 -> 0 | P38: =$M$38*$B$8 -> 0 | Q38: =$M$38*$B$8 -> 0 | R38: =$M$38*$B$8 -> 0 | S38: =$M$38*$B$8 -> 0 | T38: =$M$38*$B$8 -> 0 | U38: =$M$38*$B$8 -> 0 | ... X38: =$M$38*$B$8 -> 0
E39: =$E$35 -> 61.1 | F39: =$E$35 -> 61.1 | G39: =$E$35 -> 61.1 | H39: =$E$35 -> 61.1 | I39: =$E$35 -> 61.1 | J39: =$E$35 -> 61.1 | K39: =$E$35 -> 61.1 | L39: =$E$35 -> 61.1 | ... N39: =$E$35 -> 61.1 | O39: =$N$39*$B$8 -> 0 | P39: =$N$39*$B$8 -> 0 | Q39: =$N$39*$B$8 -> 0 | R39: =$N$39*$B$8 -> 0 | S39: =$N$39*$B$8 -> 0 | T39: =$N$39*$B$8 -> 0 | U39: =$N$39*$B$8 -> 0 | V39: =$N$39*$B$8 -> 0 | ... X39: =$N$39*$B$8 -> 0
F40: =$F$35 -> 46.6 | G40: =$F$35 -> 46.6 | H40: =$F$35 -> 46.6 | I40: =$F$35 -> 46.6 | J40: =$F$35 -> 46.6 | K40: =$F$35 -> 46.6 | L40: =$F$35 -> 46.6 | M40: =$F$35 -> 46.6 | ... O40: =$F$35 -> 46.6 | P40: =$O$40*$B$8 -> 0 | Q40: =$O$40*$B$8 -> 0 | R40: =$O$40*$B$8 -> 0 | S40: =$O$40*$B$8 -> 0 | T40: =$O$40*$B$8 -> 0 | U40: =$O$40*$B$8 -> 0 | V40: =$O$40*$B$8 -> 0 | W40: =$O$40*$B$8 -> 0 | X40: =$O$40*$B$8 -> 0
G41: =$G$35 -> 40.7 | H41: =$G$35 -> 40.7 | I41: =$G$35 -> 40.7 | J41: =$G$35 -> 40.7 | K41: =$G$35 -> 40.7 | L41: =$G$35 -> 40.7 | M41: =$G$35 -> 40.7 | N41: =$G$35 -> 40.7 | ... P41: =$G$35 -> 40.7 | Q41: =$P$41*$B$8 -> 0 | R41: =$P$41*$B$8 -> 0 | S41: =$P$41*$B$8 -> 0 | T41: =$P$41*$B$8 -> 0 | U41: =$P$41*$B$8 -> 0 | V41: =$P$41*$B$8 -> 0 | W41: =$P$41*$B$8 -> 0 | X41: =$P$41*$B$8 -> 0
H42: =$H$35 -> 50.2 | I42: =$H$35 -> 50.2 | J42: =$H$35 -> 50.2 | K42: =$H$35 -> 50.2 | L42: =$H$35 -> 50.2 | M42: =$H$35 -> 50.2 | N42: =$H$35 -> 50.2 | O42: =$H$35 -> 50.2 | ... Q42: =$H$35 -> 50.2 | R42: =$Q$42*$B$8 -> 0 | S42: =$Q$42*$B$8 -> 0 | T42: =$Q$42*$B$8 -> 0 | U42: =$Q$42*$B$8 -> 0 | V42: =$Q$42*$B$8 -> 0 | W42: =$Q$42*$B$8 -> 0 | X42: =$Q$42*$B$8 -> 0
I43: =$I$35 -> 54.1 | J43: =$I$35 -> 54.1 | K43: =$I$35 -> 54.1 | L43: =$I$35 -> 54.1 | M43: =$I$35 -> 54.1 | N43: =$I$35 -> 54.1 | O43: =$I$35 -> 54.1 | P43: =$I$35 -> 54.1 | ... R43: =$I$35 -> 54.1 | S43: =$R$43*$B$8 -> 0 | T43: =$R$43*$B$8 -> 0 | U43: =$R$43*$B$8 -> 0 | V43: =$R$43*$B$8 -> 0 | W43: =$R$43*$B$8 -> 0 | X43: =$R$43*$B$8 -> 0
J44: =$J$35 -> 66.2 | K44: =$J$35 -> 66.2 | L44: =$J$35 -> 66.2 | M44: =$J$35 -> 66.2 | N44: =$J$35 -> 66.2 | O44: =$J$35 -> 66.2 | P44: =$J$35 -> 66.2 | Q44: =$J$35 -> 66.2 | ... S44: =$J$35 -> 66.2 | T44: =$S$44*$B$8 -> 0 | U44: =$S$44*$B$8 -> 0 | V44: =$S$44*$B$8 -> 0 | W44: =$S$44*$B$8 -> 0 | X44: =$S$44*$B$8 -> 0
K45: =$K$35 -> 61.1 | L45: =$K$35 -> 61.1 | M45: =$K$35 -> 61.1 | N45: =$K$35 -> 61.1 | O45: =$K$35 -> 61.1 | P45: =$K$35 -> 61.1 | Q45: =$K$35 -> 61.1 | R45: =$K$35 -> 61.1 | ... T45: =$K$35 -> 61.1 | U45: =$T$45*$B$8 -> 0 | V45: =$T$45*$B$8 -> 0 | W45: =$T$45*$B$8 -> 0 | X45: =$T$45*$B$8 -> 0
L46: =$L$35 -> 90.4 | M46: =$L$35 -> 90.4 | N46: =$L$35 -> 90.4 | O46: =$L$35 -> 90.4 | P46: =$L$35 -> 90.4 | Q46: =$L$35 -> 90.4 | R46: =$L$35 -> 90.4 | S46: =$L$35 -> 90.4 | ... U46: =$L$35 -> 90.4 | V46: =$U$46*$B$8 -> 0 | W46: =$U$46*$B$8 -> 0 | X46: =$U$46*$B$8 -> 0
M47: =$M$35 -> 117 | N47: =$M$35 -> 117 | O47: =$M$35 -> 117 | P47: =$M$35 -> 117 | Q47: =$M$35 -> 117 | R47: =$M$35 -> 117 | S47: =$M$35 -> 117 | T47: =$M$35 -> 117 | ... V47: =$M$35 -> 117 | W47: =$V$47*$B$8 -> 0 | X47: =$V$47*$B$8 -> 0
A49: Cumulative Energy Savings from EE (aMW per year) | C49: =SUM(C37:C47) -> 28.8 | D49: =SUM(D37:D47) -> 94.8 | E49: =SUM(E37:E47) -> 155.9 | F49: =SUM(F37:F47) -> 202.5 | G49: =SUM(G37:G47) -> 243.2 | H49: =SUM(H37:H47) -> 293.4 | I49: =SUM(I37:I47) -> 347.5 | J49: =SUM(J37:J47) -> 413.7 | ... X49: =SUM(X37:X47) -> 0
A50: (assuming 10 year average measure life)
A52: Cumulative Energy Savings from EE (MWh per year) | C52: =C49*8760 -> 252288 | D52: =D49*8760 -> 830448 | E52: =E49*8760 -> 1365684 | F52: =F49*8784 -> 1778760 | G52: =G49*8760 -> 2130432 | H52: =H49*8760 -> 2570184 | I52: =I49*8760 -> 3044100 | J52: =J49*8784 -> 3633940.8 | K52: =K49*8760 -> 4159248 | L52: =L49*8760 -> 4951152 | M52: =M49*8760 -> 5723784 | N52: =N49*8784 -> 5159721.6 | O52: =O49*8760 -> 4610388 | P52: =P49*8760 -> 4202172 | Q52: =Q49*8760 -> 3845640 | R52: =R49*8784 -> 3415219.2 | S52: =S49*8760 -> 2931972 | T52: =T49*8760 -> 2352060 | U52: =U49*8760 -> 1816824 | V52: =V49*8784 -> 1027728 | W52: =W49*8760 -> 0 | X52: =X49*8760 -> 0 | Y52: =SUM(C52:X52) -> 59801746 | Z52: Lifetime MWH of savings for measures installed 2001-2011
A53: (assuming 10 year average measure life)
A55: FY Average Mid-C Wholesale Price ($/MWH)
A56: (Dow Jones annual average) | C56: 189.1 | D56: 20.3 | E56: 36.9 | F56: 40 | G56: 48.9 | H56: 53.1 | I56: 49.9 | J56: 61.4 | K56: 34.9 | L56: 35.3 | M56: 24.5 | N56: 20 | O56: 25 | P56: 25 | Q56: 25 | R56: 25 | S56: 25 | T56: 25 | U56: 25 | V56: 25 | W56: 25 | X56: 25 | Z56: Assumed price of Mid-C for 2012-2022
A58: Annual Benefit (or Loss) from EE Investments
A59: Value of Energy Saved***** | C59: =(C52*C56)/1000000 -> 47.707661 | D59: =(D52*D56)/1000000 -> 16.858094 | E59: =(E52*E56)/1000000 -> 50.39374 | F59: =(F52*F56)/1000000 -> 71.1504 | G59: =(G52*G56)/1000000 -> 104.17812 | H59: =(H52*H56)/1000000 -> 136.47677 | I59: =(I52*I56)/1000000 -> 151.90059 | J59: =(J52*J56)/1000000 -> 223.12397 | ... X59: =(X52*X56)/1000000 -> 0 | Y59: =SUM(C59:X59) -> 1970.2 | Z59: Lifetime Revenue from selling power available from "EE savings" into the market at Mid-C prices
A60: Less: Annual Cost of EE Program | C60: =-C34 -> -26.756379 | D60: =-D34 -> -61.074249 | E60: =-E34 -> -70.410624 | F60: =-F34 -> -69.517701 | G60: =-G34 -> -69.255195 | H60: =-H34 -> -80.934976 | I60: =-I34 -> -79.500271 | J60: =-J34 -> -76.203858 | ... X60: =-X34 -> -26.113068 | Y60: =SUM(C60:X60) -> -1237.7996 | Z60: Total Capital, Interest & Expensed cost of EE 2001-2022 for investments made 2001 - 2011
A62: Impact on Net Revenue Due to EE Program (Nominal $ mil) | C62: =C59+C60 -> 20.951282 | D62: =D59+D60 -> -44.216155 | E62: =E59+E60 -> -20.016885 | F62: =F59+F60 -> 1.6326994 | G62: =G59+G60 -> 34.922929 | H62: =H59+H60 -> 55.541794 | I62: =I59+I60 -> 72.400319 | J62: =J59+J60 -> 146.92011 | ... X62: =X59+X60 -> -26.113068 | Y62: =SUM(C62:X62) -> 732.40037 | Z62: Lifetime Net Benefit (Cost) of EE Investments if savings permitted BPA to sell equivalent power at Mid-C prices
A64: Discount Factor | C64: =1/(1+$B$6)^(C10-$M$10) -> 1.7908477 | D64: =1/(1+$B$6)^(D10-$M$10) -> 1.689479 | E64: =1/(1+$B$6)^(E10-$M$10) -> 1.5938481 | F64: =1/(1+$B$6)^(F10-$M$10) -> 1.5036303 | G64: =1/(1+$B$6)^(G10-$M$10) -> 1.4185191 | H64: =1/(1+$B$6)^(H10-$M$10) -> 1.3382256 | I64: =1/(1+$B$6)^(I10-$M$10) -> 1.262477 | J64: =1/(1+$B$6)^(J10-$M$10) -> 1.191016 | ... X64: =1/(1+$B$6)^(X10-$M$10) -> 0.52678753
A66: Present Value Impact on Net Revenue Due to EE Program ($ mil in year 2011) | C66: =C62*C64 -> 37.520554 | D66: =D62*D64 -> -74.702263 | E66: =E62*E64 -> -31.903873 | F66: =F62*F64 -> 2.4549762 | G66: =G62*G64 -> 49.538843 | H66: =H62*H64 -> 74.32745 | I66: =I62*I64 -> 91.403734 | J66: =J62*J64 -> 174.9842 | ... X66: =X62*X64 -> -13.756038
A68: Net Present Value Total Impact on Net Revenue Due to EE Program ($ mil in year 2011) | C68: =SUM(C66:X66) -> 749.08068
A71: Yearly Cost of EE Savings ($/MWh) | C71: =(C34*1000000)/C52 -> 106.0549 | D71: =(D34*1000000)/D52 -> 73.543737 | E71: =(E34*1000000)/E52 -> 51.55704 | F71: =(F34*1000000)/F52 -> 39.082114 | G71: =(G34*1000000)/G52 -> 32.507583 | H71: =(H34*1000000)/H52 -> 31.489954 | I71: =(I34*1000000)/I52 -> 26.116182 | J71: =(J34*1000000)/J52 -> 20.970033 | ... X71: =(X34*1000000)/X52 -> #DIV/0!
A75: Notes:
A76: * If the B6 is changed to reflect a different average measure life, rows 15 and 51 would need to be manually adjusted.
A77: ** For many measures, the savings “persist” as end-users likely reinstall the measure with something as efficient or better. Assuming zero percent persistence translates into savings “expiring” after 12 years. On the other hand, assuming 100 percent persistence translates into savings persisting till the end of the analysis period, i.e., 2022. See note in Companion document for more information on persistence.
A78: *** Expensed "Program Costs" includes net Federal Reimbursables, but does not include Debt Service and Legacy costs.
A79: **** For example, the $6.4 million in 2003 represents the principal and interest paid for all debt incurred from 2001 through 2003.
A80: ***** Calculated as 1) Revenue from Selling EE Savings @ Mid-C Market or 2) Avoided Cost of Purchasing EE Savings @ Mid-C

Sheet Graphs
A3: Fiscal Year | C3: 2001 | D3: 2002 | E3: 2003 | F3: 2004 | G3: 2005 | H3: 2006 | I3: 2007 | J3: 2008 | K3: 2009 | L3: 2010 | M3: 2011 | N3: 2012 | O3: 2013 | P3: 2014 | Q3: 2015 | R3: 2016 | S3: 2017 | T3: 2018 | U3: 2019 | V3: 2020 | W3: 2021 | X3: 2022 | Z3: Nominal
A4: ='EE v Mid-C_Flat'!A34 -> Annual Cost of EE Program | B4: (nominal) | C4: ='EE v Mid-C_Flat'!C34 -> 25.492273 | D4: ='EE v Mid-C_Flat'!D34 -> 59.770671 | E4: ='EE v Mid-C_Flat'!E34 -> 68.071969 | F4: ='EE v Mid-C_Flat'!F34 -> 66.561018 | G4: ='EE v Mid-C_Flat'!G34 -> 65.701863 | H4: ='EE v Mid-C_Flat'!H34 -> 76.436341 | I4: ='EE v Mid-C_Flat'!I34 -> 74.875003 | J4: ='EE v Mid-C_Flat'!J34 -> 71.249726 | ... X4: ='EE v Mid-C_Flat'!X34 -> 19.29355 | Z4: Total Cost of EE 2001-2022 (Includes Amortizaton Cost of Capital) | AA4: =SUM(C4:X4)/1000 -> 1.0889991
A5: Revenue from Selling EE Savings @ Mid-C Market or Avoided Cost of Purchasing EE Savings @ Mid-C | B5: (nominal) | C5: ='EE v Mid-C_Flat'!C59 -> 47.707661 | D5: ='EE v Mid-C_Flat'!D59 -> 16.858094 | E5: ='EE v Mid-C_Flat'!E59 -> 50.39374 | F5: ='EE v Mid-C_Flat'!F59 -> 71.1504 | G5: ='EE v Mid-C_Flat'!G59 -> 104.17812 | H5: ='EE v Mid-C_Flat'!H59 -> 136.47677 | I5: ='EE v Mid-C_Flat'!I59 -> 151.90059 | J5: ='EE v Mid-C_Flat'!J59 -> 223.12397 | ... X5: ='EE v Mid-C_Flat'!X59 -> 30.7476 | Z5: Total Benefit of EE 2001-2022 | AA5: =SUM(C5:X5)/1000 -> 2.3967817
Z6: Net Benefit of EE 2001-2022 | AA6: =AA5-AA4 -> 1.3077826
A7: Discount Factor | C7: ='EE v Mid-C_Flat'!C64 -> 1.7908477 | D7: ='EE v Mid-C_Flat'!D64 -> 1.689479 | E7: ='EE v Mid-C_Flat'!E64 -> 1.5938481 | F7: ='EE v Mid-C_Flat'!F64 -> 1.5036303 | G7: ='EE v Mid-C_Flat'!G64 -> 1.4185191 | H7: ='EE v Mid-C_Flat'!H64 -> 1.3382256 | I7: ='EE v Mid-C_Flat'!I64 -> 1.262477 | J7: ='EE v Mid-C_Flat'!J64 -> 1.191016 | ... X7: ='EE v Mid-C_Flat'!X64 -> 0.52678753
C9: 2001 | D9: 2002 | E9: 2003 | F9: 2004 | G9: 2005 | H9: 2006 | I9: 2007 | J9: 2008 | K9: 2009 | L9: 2010 | M9: 2011 | N9: 2012 | O9: 2013 | P9: 2014 | Q9: 2015 | R9: 2016 | S9: 2017 | T9: 2018 | U9: 2019 | V9: 2020 | W9: 2021 | X9: 2022 | Z9: Present Value in 2011
A10: =A4 -> Annual Cost of EE Program | B10: (present value in year 2011) | C10: =C4*C7 -> 45.652779 | D10: =D4*D7 -> 100.98129 | E10: =E4*E7 -> 108.49638 | F10: =F4*F7 -> 100.08316 | G10: =G4*G7 -> 93.199349 | H10: =H4*H7 -> 102.28907 | I10: =I4*I7 -> 94.527967 | J10: =J4*J7 -> 84.859564 | ... X10: =X4*X7 -> 10.163602 | Z10: Total Cost of EE 2001-2022 (Includes Amortizaton Cost of Capital) | AA10: =SUM(C10:X10)/1000 -> 1.2561945
A11: =A5 -> Revenue from Selling EE Savings @ Mid-C Market or Avoided Cost of Purchasing EE Savings @ Mid-C | B11: (present value in year 2011) | C11: =C5*C7 -> 85.437154 | D11: =D5*D7 -> 28.481396 | E11: =E5*E7 -> 80.319965 | F11: =F5*F7 -> 106.98389 | G11: =G5*G7 -> 147.77866 | H11: =H5*H7 -> 182.6367 | I11: =I5*I7 -> 191.771 | J11: =J5*J7 -> 265.74421 | ... X11: =X5*X7 -> 16.197452 | Z11: Total Benefit of EE 2001-2022 | AA11: =SUM(C11:X11)/1000 -> 2.4386655
Z12: Net Benefit of EE 2001-2022 | AA12: =AA11-AA10 -> 1.1824709
